 Dungeon Crawl Stone Soup version 0.31-a0-981-geadf994542 (webtiles) character file.

Game seed: 14936182288727651569

2732626 MackTheKnife the Heavyweight Champion (level 27, 354/354 HPs)
             Began as a Troll Fighter on Oct 30, 2023.
             Was the Champion of Hepliaklqana.
             Escaped with the Orb
             ... and 4 runes on Oct 31, 2023!
             The game lasted 02:06:33 (55525 turns).

MackTheKnife the Heavyweight Champion (TrFi)       Turns: 55525, Time: 02:06:34

Health: 354/354    AC: 43    Str: 32    XL:     27
Magic:  28/28      EV: 17    Int:  7    God:    Hepliaklqana [******]
Gold:   9825       SH: 31    Dex: 15    Spells: 24/26 levels left

rFire   + +          .
                       - Unarmed
rCold   . . .        b - +8 tower shield {AC+3}
rNeg    + . .        U - melded +0 swamp dragon scales
rPois   ∞            a - +2 hat {Stlth+}
rElec   +            m - +4 dragonskin cloak
rCorr   +            (gloves unavailable)
SInv    .            (boots unavailable)
Will    ++++.        D - amulet of Sif Muna, Usurping {rF+ Regen+ Int+3}
Stlth   +            V - ring of Yesterday {+Blink rPois rF+ Will++ Dex-4}
HPRegen 2.39/turn    v - ring of the Octopus King {rCorr HP+2 AC+2 EV+2 SH+2}
MPRegen 0.21/turn

%: no passive effects
@: statue-form, studying 2 skills, very slow
A: slow and powerful, torment resistance 1, boosted hp, reduced essence, large,
unfitting armour, claws 3, regeneration 1, (shaggy fur 1), (tough skin 1), horns
1
0: Orb of Zot
}: 4/15 runes: serpentine, barnacled, slimy, silver
a: Begin Untransformation, Renounce Religion, Evoke Blink, Recall Ancestor,
Ancestor Identity, Transference, Idealise


You escaped.
You worshipped Hepliaklqana.
Hepliaklqana was exalted by your worship.
You were a living statue of rough stone.
You visited 12 branches of the dungeon, and saw 56 of its levels.
You also visited: Trove.

You collected 12122 gold pieces.
You spent 2297 gold pieces at shops.


Innate Abilities, Weirdness & Mutations

You are a living statue of rough stone.
Your actions are slow, but your melee attacks are powerful.
You are resistant to unholy torment.
Your maximum health is greatly increased.
Your equipment is partially melded.
Your life essence is reduced to manifest your ancestor. (-10% HP)
You are too large for most types of armour.
You are immune to poison.
You have claws for hands.
Your natural rate of healing is unusually fast.
((You are covered in fur. (AC +1)))
((You have tough skin. (AC +1)))
You have a pair of small horns on your head.


   Skills:
 - Level 22.5 Fighting
 - Level 6.0 Armour
 - Level 12.0 Dodging
 - Level 20.0 Shields
 O Level 27 Unarmed Combat
 - Level 8.0 Transmutations
 - Level 8.0 Invocations
 - Level 11.4 Evocations
 + Level 19.2 Shapeshifting


You had 24 spell levels left.
You knew the following spells:

 Your Spells              Type           Power      Damage    Failure   Level
a - Wereblood             Tmut           11%        N/A       3%          2

Your spell library contained the following spells:

 Spells                   Type           Power      Damage    Failure   Level
 Passwall                 Tmut/Erth      4%         N/A       21%         2
 Foxfire                  Conj/Fire      0%         2x1d4     56%         1
 Magic Dart               Conj           0%         1d3       56%         1
 Sandblast                Erth           0%         2d4       56%         1
 Slow                     Hex            0%         N/A       56%         1
 Summon Small Mammal      Summ           0%         N/A       56%         1
 Ignite Poison            Fire/Tmut/Pois 3%         N/A       56%         3
 Blink                    Tloc           0%         N/A       71%         2
 Call Imp                 Summ           0%         N/A       71%         2
 Cigotuvi's Dreadful Rot  Necr/Pois/Air  0%         N/A       71%         2
 Ensorcelled Hibernation  Hex/Ice        0%         N/A       71%         2
 Jinxbite                 Hex            0%         N/A       71%         2
 Lesser Beckoning         Tloc           0%         N/A       71%         2
 Momentum Strike          Conj/Tloc      0%         3d8       71%         2
 Poisonous Vapours        Pois/Air       0%         N/A       71%         2
 Static Discharge         Conj/Air       0%         3-3/arc   71%         2
 Petrify                  Tmut/Erth      5%         N/A       78%         4
 Call Canine Familiar     Summ           0%         N/A       90%         3
 Confusing Touch          Hex            0%         N/A       90%         3
 Dazzling Flash           Conj/Hex       0%         N/A       90%         3
 Gell's Gravitas          Tloc           0%         N/A       90%         3
 Hailstorm                Conj/Ice       0%         3d3       90%         3
 Inner Flame              Hex/Fire       0%         N/A       90%         3
 Mephitic Cloud           Conj/Pois/Air  0%         N/A       90%         3
 Ozocubu's Armour         Ice            0%         N/A       90%         3
 Sigil of Binding         Hex            0%         N/A       90%         3
 Stone Arrow              Conj/Erth      0%         3d7       90%         3
 Summon Guardian Golem    Hex/Summ       0%         N/A       90%         3
 Swiftness                Air            0%         N/A       90%         3
 Teleport Other           Tloc           0%         N/A       90%         3
 Tukima's Dance           Hex            0%         N/A       90%         3
 Vampiric Draining        Necr           0%         2d6       90%         3
 Volatile Blastmotes      Fire/Tloc      0%         2d10      90%         3
 Alistair's Intoxication  Tmut/Pois      3%         N/A       98%         5
 Irradiate                Conj/Tmut      2%         3d12      98%         5
 Airstrike                Air            0%         2d(0-16)  100%        4
 Anguish                  Hex/Necr       0%         N/A       100%        4
 Animate Armour           Summ/Erth      0%         N/A       100%        4
 Animate Dead             Necr           0%         N/A       100%        4
 Brom's Barrelling Bould  Conj/Erth      0%         2d3       100%        4
 Cause Fear               Hex            0%         N/A       100%        4
 Dimensional Bullseye     Hex/Tloc       0%         N/A       100%        4
 Dispel Undead            Necr           0%         3d6       100%        4
 Iskenderun's Mystic Bla  Conj/Tloc      0%         2d3       100%        4
 Leda's Liquefaction      Hex/Erth       0%         N/A       100%        4
 Manifold Assault         Tloc           0%         N/A       100%        4
 Passage of Golubria      Tloc           0%         N/A       100%        4
 Sticky Flame             Conj/Fire      0%         2d3       100%        4
 Summon Ice Beast         Ice/Summ       0%         N/A       100%        4
 Summon Lightning Spire   Summ/Air       0%         N/A       100%        4
 Vhi's Electric Charge    Tloc/Air       0%         N/A       100%        4
 Agony                    Necr           0%         N/A       100%        5
 Arcjolt                  Conj/Air       0%         1d10      100%        5
 Fireball                 Conj/Fire      0%         3d3       100%        5
 Freezing Cloud           Conj/Ice/Air   0%         6-21      100%        5
 Iskenderun's Battlesphe  Conj           0%         2d6       100%        5
 Lee's Rapid Deconstruct  Erth           0%         3d4*      100%        5
 Metabolic Englaciation   Hex/Ice        0%         N/A       100%        5
 Silence                  Hex/Air        0%         N/A       100%        5
 Summon Mana Viper        Hex/Summ       0%         N/A       100%        5
 Bombard                  Conj/Erth      0%         9d1       100%        6
 Conjure Ball Lightning   Conj/Air       0%         3x3d6     100%        6
 Death Channel            Necr           0%         N/A       100%        6
 Dispersal                Tloc           0%         N/A       100%        6
 Eringya's Noxious Bog    Tmut/Pois      2%         4d6       100%        6
 Plasma Beam              Fire/Air       0%         2x1d10    100%        6
 Simulacrum               Ice/Necr       0%         N/A       100%        6
 Starburst                Conj/Fire      0%         6d3       100%        6
 Summon Cactus Giant      Summ           0%         N/A       100%        6
 Enfeeble                 Hex            0%         N/A       100%        7
 Malign Gateway           Summ/Tloc      0%         N/A       100%        7
 Monstrous Menagerie      Summ           0%         N/A       100%        7
 Orb of Destruction       Conj           0%         9d5       100%        7
 Ozocubu's Refrigeration  Ice            0%         4d7       100%        7
 Spellforged Servitor     Conj/Summ      0%         N/A       100%        7
 Summon Hydra             Summ           0%         N/A       100%        7
 Disjunction              Tloc           0%         N/A       100%        8
 Ignition                 Fire           0%         3d3       100%        8
 Maxwell's Capacitive Co  Air            0%         ∞         100%        8
 Summon Horrible Things   Summ           0%         N/A       100%        8
 Chain Lightning          Conj/Air       0%         N/A       100%        9
 Fire Storm               Conj/Fire      0%         5d1       100%        9
 Shatter                  Erth           0%         3d5*      100%        9
 Sublimation of Blood     Necr           Unusable   N/A       N/A         2

Inventory:

Missiles
 y - 3 throwing nets {=f!fthrowing}
Armour
 a - a +2 hat of stealth (worn)
   (You bought it in a shop on level 9 of the Dungeon)
 b - a +8 tower shield of protection (worn)
   (You took it off Louise on level 4 of the Snake Pit)
 m - the +4 dragonskin cloak (worn)
   (You took it off Tiamat on level 1 of the Realm of Zot)

   Avatar's Aegis: It grants the wearer a chance to resist fire, cold, poison,
   electricity, acid, and negative energy.
 U - +0 swamp dragon scales (melded)
   (You found it on level 13 of the Dungeon)
Jewellery
 v - a ring of the Octopus King (right claw) {rCorr HP+2 AC+2 EV+2 SH+2}
   (You took it off a deep elf death mage on level 3 of the Elven Halls)

   [ring of resist corrosion]

   AC+2:      It affects your AC (+2).
   EV+2:      It affects your evasion (+2).
   HP+2:      It affects your health (+2).
   rCorr:     It protects you from acid and corrosion.
   SH+2:      It affects your SH (+2).
 D - the amulet of Sif Muna, Usurping (around neck) {rF+ Regen+ Int+3}
   (You acquired it on level 3 of the Realm of Zot)

   [amulet of regeneration]

   Int+3:     It affects your intelligence (+3).
   rF+:       It protects you from fire.
   Regen+:    It increases your rate of health regeneration.
 K - a ring of willpower
   (You bought it in a shop on level 9 of the Dungeon)
 Q - a ring of flight
   (You found it on level 11 of the Dungeon)
 R - a ring of see invisible
   (You found it on level 12 of the Dungeon)
 S - the ring "Eblibap" {Will+ EV+5}
   (You found it on level 12 of the Dungeon)

   [ring of evasion]

   EV+5:      It affects your evasion (+5).
   Will+:     It increases your willpower.
 V - the ring of Yesterday (left claw) {+Blink rPois rF+ Will++ Dex-4}
   (You found it on level 2 of the Vaults)

   [ring of protection from fire]

   Dex-4:     It affects your dexterity (-4).
   rF+:       It protects you from fire.
   rPois:     It protects you from poison Will++: It greatly increases your
   willpower.
   +Blink:    It lets you blink.
 W - a ring of protection from cold
   (You found it on level 3 of the Snake Pit)
 X - a ring of fire
   (You found it on level 14 of the Dungeon)
Talismans
 G - a granite talisman (active)
   (You took it off Roxanne on level 15 of the Dungeon)
Wands
 A - a wand of charming (33)
   (You found it on level 4 of the Dungeon)
 C - a wand of flame (76)
   (You took it off Ijyb on level 5 of the Dungeon)
 E - a wand of quicksilver (27)
   (You found it on level 6 of the Dungeon)
 J - a wand of roots (63)
   (You took it off Jeremiah on level 7 of the Dungeon)
Scrolls
 d - 2 scrolls of silence {!r}
 p - 4 scrolls of torment {!r}
 q - 5 scrolls of fear
 r - 17 scrolls of teleportation {@r4}
 u - 9 scrolls of revelation
 x - 7 scrolls of immolation {!r!r}
 B - 6 scrolls of identify {@r1}
 H - 7 scrolls of fog
 I - 6 scrolls of blinking {!r}
 L - 8 scrolls of poison {!r}
 P - 3 scrolls of summoning
 T - a scroll of enchant armour
Potions
 c - 7 potions of might
 e - 10 potions of cancellation
 f - 2 potions of resistance
 i - 4 potions of invisibility
 j - 5 potions of enlightenment
 k - 4 potions of mutation {!q}
 l - 7 potions of attraction {!q}
 n - 25 potions of curing {@q1}
 o - a potion of berserk rage {!q}
 t - 2 potions of magic
 w - 14 potions of heal wounds {@q2}
 z - 4 potions of haste {@q3}
 Y - 3 potions of ambrosia
Miscellaneous
 g - a phantom mirror (inert)
   (You found it on level 12 of the Dungeon)
 h - a phial of floods
   (You found it on level 1 of the Vaults)
 s - a lightning rod (4/4)
   (You found it on level 4 of the Shoals)
 M - a condenser vane
   (You found it on level 1 of the Snake Pit)
 Z - a sack of spiders
   (You found it on level 4 of the Shoals)

Dungeon Overview and Level Annotations

Branches:
Dungeon (15/15)            Temple (1/1) D:7            Lair (5/5) D:10
 Shoals (4/4) Lair:3        Snake (4/4) Lair:2        Slime (5/5) Lair:5
    Orc (2/2) D:10            Elf (3/3) Orc:2        Vaults (5/5) D:14
  Crypt (3/3) Vaults:3       Tomb (0/3) Crypt:3      Depths (4/4) D:15
    Zot (5/5) Depths:4

Altars:
Ashenzari
Cheibriados
Dithmenos
Elyvilon
Fedhas
Gozag
Hepliaklqana
Kikubaaqudgha
Makhleb
Nemelex Xobeh
Okawaru
Qazlal
Ru
Sif Muna
Trog
Uskayaw
Vehumet
Wu Jian
Xom
Yredelemnul
Zin
The Shining One
Jiyva

Shops:
D:3 *![   D:5 [   D:6 =   D:9 =[((:   D:11 *:[   Orc:2 ?*(*   Shoals:2 [
Snake:2 [   Vaults:1 (   Vaults:3 [=   Vaults:4 (   Vaults:5 ????   Depths:1 =
Depths:4 (*

Portals:
Hell: Depths:1 Depths:2 Depths:3 Depths:4
Abyss: Depths:3
Pandemonium: Depths:2
Ziggurat: Depths:4
Bazaar: Shoals:1

Annotations:
D:9 2 transporters
D:10 1 runed translucent door, heinrich's ghost, novice DgAE
Lair:4 3 runed translucent doors, Cesoluadot's ghost, journeyman DsFi
Snake:1 Aizul
Orc:1 1 runed translucent door, Leitius's ghost, adept BaCK
Elf:1 6 runed translucent doors
Elf:2 3 runed translucent doors
Crypt:2 1 runed translucent door, Yzeiphu's ghost, adept OpEE
Zot:3 3 runed translucent doors, Alep's ghost, legendary GnFE; Crescendo's ghost, veteran DsMo; Fush's ghost, veteran DgGl
Zot:5 exclusion: 2 upstairs

######.#......
####......#.###..
####.......#.#.###..
#..........#........
##.##.##.##.#)######.
#######.....##......# #.
#.......########....# #.
#.##.#.#####...#..#.# #.
#.#..#.##.8#.#.##...# ##
#.#.##.##R##.#####..###
#.#.##.##.R..)........#
#.......#'##.....#..#.#####
#####.###.#......[.#..#.##...
##...#.#
#.#.##.###.#.........
#.###..#
#.#..#.#.#.#.##.##... #.#
#..# #.####...#......#####
#.###.## ### #######.####


You could see the friendly Viktor the battlemage.


Message History

Viktor casts a spell at the hellephant.
The bolt of magma hits the hellephant!!
Viktor casts a spell at the hellephant.
The bolt of magma hits the hellephant! 😕 HP[+3]
You regained 3 hp, and now have 349/354 hp.
The hellephant breathes flames at you. The blast of flame misses you.
The hellephant misses you.
You block the hellephant's attack. x2 😕 HP[+4]
You regained 4 hp, and now have 353/354 hp.
You barely miss the hellephant.
You headbutt the hellephant, but do no damage.
You block the hellephant's attack. x2
The hellephant gores you but does no damage. 😎 HP[+1]
Your hp is fully restored (354).
You scratch the hellephant. Your headbutt misses the hellephant.
Viktor hits the hellephant with a +0 lajatang of freezing!!
Viktor freezes the hellephant!
The hellephant tramples Viktor!!
Viktor holds his ground!
The hellephant completely misses Viktor.
The hellephant gores Viktor.
You closely miss the hellephant. Your headbutt misses the hellephant.
Viktor hits the hellephant with a +0 lajatang of freezing.
Viktor freezes the hellephant.
You block the hellephant's attack. The hellephant misses you.
The hellephant completely misses you.
You mangle the hellephant!!
You headbutt the hellephant, but do no damage.
Viktor points at the hellephant and mumbles some strange words.
The bolt of magma hits the hellephant!
Okay, then.
Unknown command.
You strike the helpless hellephant from behind!
You eviscerate the hellephant!!!!!
You kill the hellephant!
What level of the Dungeon? (default 1, ? - help)
A ynoxinul comes into view.
Acuased comes into view.
Acuased shouts, "Surrender, thou tasty mouthful!"
Viktor gestures wildly while chanting.
Viktor seems to speed up.
Viktor points at the ynoxinul and mumbles some strange words.
The bolt of magma hits the ynoxinul!!
Blink to where?
Press: ? - help, Dir - move target
As you read the scroll of blinking {!r}, it crumbles to dust.
There is a stone staircase leading up here.
The ufetubus closely misses Viktor.
The ufetubus hits Viktor but does no damage.
Viktor hits the ufetubus with a +0 lajatang of freezing!!!
The ufetubus dies!
The ufetubus disappears in a puff of smoke!
You climb upwards.
There is a stone staircase leading down here.
Viktor is recalled. 😎 MP[-2]
You lost 2 mp, and now have 26/28 mp. 😎 MP[+1]
There is a stone staircase leading up here.
You climb upwards.
There is a stone staircase leading down here. 😎 MP[+1]
Your mp is fully restored (28).
What level of the Dungeon? (default 1, ? - help)
You swap places.
A Hell Sentinel comes into view.
Viktor casts a spell.
Viktor seems to speed up.
Search for what [? for help]? arti Unknown command.
Unknown command.
Viktor hits the Hell Sentinel with a +0 lajatang of freezing!
Viktor hits the Hell Sentinel with a +0 lajatang of freezing!!
The Hell Sentinel hits Viktor.
The Hell Sentinel hits Viktor!
Viktor hits the Hell Sentinel with a +0 lajatang of freezing!!
Unknown command.
Something hits Viktor.
Something hits Viktor!
Viktor points at the Hell Sentinel and mumbles some strange words.
The crystal spear hits the Hell Sentinel!!!
Unknown command.
Viktor hits the Hell Sentinel with a +0 lajatang of freezing!!
Viktor casts a spell at the Hell Sentinel.
The crystal spear hits the Hell Sentinel!!
The Hell Sentinel dies!
Things that are here:
a stone {throwing}; a +0 whip {mace}
There is a stone staircase leading up here.
You climb upwards.
There is a stone staircase leading down here.
What level of the Dungeon? (default 1, ? - help)
You swap places.
Viktor is no longer moving quickly.
There is a stone staircase leading up here.
You climb upwards.
There is a stone staircase leading down here.
You swap places.
You see here a +2 dagger of holy wrath {short}.
There is a staircase leading out of the dungeon here.
You have escaped!

Skill      XL: |  1  2  3  4  5  6  7  8  9 10 11 12 13 14 15 16 17 18 19 20 21 22 23 24 25 26 27 |
---------------+----------------------------------------------------------------------------------+-----
Unarmed Combat | 3 4 5 6 7 9 11 13 14 17 18 20 21 23 27 | 27.0
Fighting       | 4 6 8 10 12 14 16 18 20 22 | 22.5
Shields        | 3 6 8 10 12 14 15 16 20 | 20.0
Armour         | 3 4 6 |  6.0
Dodging        | 4 5 6 11 12 | 12.0
Evocations     | 4 6 8 11 | 11.4
Invocations    | 3 6 8 |  8.0
Shapeshifting  | 5 12 16 19 | 19.2
Transmutations | 3 7 8 |  8.0

Action                     |  1- 3 |  4- 6 |  7- 9 | 10-12 | 13-15 | 16-18 | 19-21 | 22-24 | 25-27 || total
---------------------------+-------+-------+-------+-------+-------+-------+-------+-------+-------++-------
  Melee: Unarmed           |   114 |   136 |   182 |   401 |   819 |   981 |   765 |   561 |   834 ||  4793
         Headbutt          |       |       |       |       |       |       |       |     4 |   187 ||   191
  Throw: Dart              |       |     6 |     4 |    37 |       |       |       |       |       ||    47
   Cast: Wereblood         |       |       |       |       |       |       |       |     6 |     8 ||    14
 Invoke: Ancestor Identity |       |       |     1 |       |       |       |       |       |       ||     1
         Recall Ancestor   |       |       |       |     3 |    15 |     8 |     3 |    10 |     5 ||    44
         Ancestor Life: Ba |       |       |       |     1 |       |       |       |       |       ||     1
         Idealise          |       |       |       |       |     3 |     8 |     6 |     4 |     5 ||    26
         Transference      |       |       |       |       |       |       |       |       |     1 ||     1
  Evoke: Wand              |       |     2 |     8 |    15 |    36 |    13 |     7 |       |     2 ||    83
         Phantom mirror    |       |       |       |       |     1 |     3 |     2 |       |     2 ||     8
         Condenser vane    |       |       |       |       |       |     2 |     4 |     1 |     2 ||     9
         Sack of spiders   |       |       |       |       |       |       |     2 |       |       ||     2
         Lightning rod     |       |       |       |       |       |       |     4 |       |       ||     4
    Use: Scroll            |     3 |     1 |     7 |    13 |    10 |     9 |     9 |     6 |    13 ||    71
         Potion            |       |       |       |       |     3 |       |     1 |     6 |     9 ||    19
   Stab: Sleeping          |     1 |     2 |     3 |     3 |     2 |     1 |     8 |       |     1 ||    21
         Betrayed ally     |       |     1 |       |       |       |       |     1 |       |       ||     2
         Distracted        |       |       |       |     6 |    10 |    16 |    14 |    12 |    17 ||    75
         Invisible         |       |       |       |       |       |       |       |       |    11 ||    11
         Confused          |       |       |       |       |       |       |       |       |     1 ||     1
 Armour: Robe              |    47 |    61 |    84 |    28 |       |       |       |       |       ||   220
         Acid dragon scale |       |       |       |   182 |   348 |       |       |       |       ||   530
         Steam dragon scal |       |       |       |    12 |       |       |       |       |       ||    12
         Swamp dragon scal |       |       |       |       |    52 |   401 |       |       |       ||   453
         Skin              |       |       |       |       |       |    37 |   464 |   288 |   563 ||  1352
  Dodge: Dodged            |    32 |    35 |    81 |   132 |   232 |   278 |   321 |   221 |   339 ||  1671
  Block: Kite shield       |    33 |    45 |    95 |   214 |   569 |   318 |       |       |       ||  1274
         Reflection        |       |       |       |       |    22 |   163 |    89 |    22 |    16 ||   312
         Tower shield      |       |       |       |       |       |   610 |  1042 |   742 |  1002 ||  3396
         Other             |       |       |       |       |       |       |     2 |       |       ||     2
   Form: Statue            |       |       |       |       |       |     1 |       |     1 |       ||     2
                           |       |       |       |       |       |       |       |     1 |       ||     1

Levels and vault maps discovered:
D:1:      onia_arrival_mini_spirals, layout_loops_cross
D:2:      layout_basic
D:3:      layout_basic, serial_shops, nicolae_shop_overgrown_old_shop,
          nicolae_shop_stone, shop, kennysheep_generic_room_3
D:4:      layout_gridville
D:5:      layout_cave_pools, mainiacjoe_overflow_small_starburst, serial_shops,
          nicolae_inconvenience_store, uniq_ijyb
D:6:      minmay_chambers_of_sixes, layout_loops_corners,
          lightli_temple_of_fire, serial_shops, nicolae_shop_trees
D:7:      layout_basic, nicolae_overflow_hidden_temple,
          minmay_temple_entry_stoned_glass, uniq_jeremiah, uniq_prince_ribbit1,
          uniq_duvessa
D:8:      layout_loops_cross, mainiacjoe_overflow_swirl
D:9:      minmay_bloctagon, layout_gridville, gammafunk_temple_overflow_arena,
          gammafunk_ghost_spectres, serial_shops, shop, shop,
          nicolae_square_shop, nicolae_shop_back_alley_shop, nicolae_shop_stone,
          uniq_maggie
D:10:     layout_roguey, grunt_lair_entry_orc_guard_hut,
          ebering_ghost_funeral_grove
D:11:     layout_cross, serial_shops, shop, nicolae_diamond_shop,
          nicolae_shop_waterfront, serial_glass, glass_columns_a,
          glass_columns_c, glass_columns_c, glass_columns_c, glass_columns_a,
          glass_columns_b, uniq_josephine
D:12:     minmay_complete_graph, layout_irregular_city, jiyva_altar_1,
          uniq_nergalle
D:13:     minmay_the_grid_net [minmay_the_grid_large_cup,
          minmay_the_grid_dragon_a, minmay_the_grid_minigrid_large,
          minmay_the_grid_spikes, minmay_the_grid_minigrid_small,
          minmay_the_grid_prize_big_room], layout_loops_ring
D:14:     layout_roguey, david_vaults_4, fiery_altar_vehumet,
          fedhas_ov_isle_minmay
D:15:     gammafunk_depths_entry_grave, layout_loops_ring, uniq_roxanne
Temple:   regret_index_temple_sphere_string
Lair:1:   layout_big_grid, beast_lair_carwin_3
Lair:2:   layout_cave_pods, minmay_snake_entry_spellcaster,
          serial_bayou_shore_a, grunt_megastairs_2
Lair:3:   layout_layer_cave, minmay_shoals_entry_lonely_mermaid,
          infiniplex_staircase_pool
Lair:4:   layout_big_grid, gammafunk_ghost_hydra_chop, grunt_megastairs_1
Lair:5:   minmay_lair_end_frog_pond, layout_loops_ring,
          nicolae_slime_entry_field_trip
Shoals:1: layout_shoals, serial_shops, bzr_entry_dummy
Shoals:2: layout_shoals, serial_shops, nicolae_shop_trees
Shoals:3: layout_shoals, nicolae_shoals_mertower
Shoals:4: shoals_end_grunt_garden, layout_shoals, shoals_ilsuiw_alternative
Snake:1:  layout_misc_corridors, uniq_rupert, uniq_aizul
Snake:2:  layout_honeycomb, serial_shops, shop, uniq_mlioglotl, uniq_kirke
Snake:3:  layout_layer_cave, uniq_bai_suzhen
Snake:4:  grunt_snake_rune_spirals, layout_onion, uniq_louise, uniq_donald
Slime:1:  layout_caves, basic_altar
Slime:2:  layout_caves
Slime:3:  layout_caves, cheibrodos_slime_lost_civilization_4
Slime:4:  layout_caves
Slime:5:  slime_pit
Orc:1:    layout_diamond_mine, ebering_ghost_inner_flame, uniq_maurice,
          uniq_erolcha
Orc:2:    st_orc_town, layout_diamond_mine, uniq_saint_roka
Elf:1:    minmay_elf_arrival_circle, layout_gridlike, basic_altar, orc_legates,
          fountainhead
Elf:2:    elven_hall_of_blades_hangedman_original
          [nicolae_blade_entry_sentries_behind_glass], layout_geoelf_grid
Elf:3:    minmay_elf_hall_not_hex, layout_geoelf_castle,
          nicolae_twisting_strands
Vaults:1: nicolae_vaults_stepped_doors, nicolae_vaults_tetromino_Z_2,
          nicolae_vaults_apartment_1, hangedman_vaults_corner_blocks, st_cross,
          v_misc_11, nicolae_vaults_gold_heap, layout_vaults_omnigrid,
          serial_shops, nicolae_shop_window_shopping
Vaults:2: v_misc_27, nicolae_vaults_oozy_zoo, nicolae_vaults_tetromino_T_1,
          nicolae_vaults_heist, nicolae_vaults_hexular_roomagon,
          vaults_room_door_ring, nicolae_vaults_network_periphery,
          nicolae_vaults_tetromino_L_1, grunt_vaults_twisty, v_misc_9,
          hangedman_vaults_capsules, nicolae_vaults_storage_room_water,
          nicolae_vaults_little_squares_4, nicolae_vaults_little_squares_2,
          hangedman_vaults_stretched_pinwheel, nicolae_vaults_theta,
          nicolae_vaults_house_3, layout_vaults_omnibox
Vaults:3: nicolae_vaults_shelves_hall, ontoclasm_vaults_idyll,
          minmay_crypt_entry_necro_gods, nicolae_vaults_ellipses_ellipsis,
          dpeg_vaults_hating_casters, nicolae_vaults_alarming,
          nicolae_vaults_yaktaur_gun_rack, v_misc_2, hangedman_vaults_corner,
          v_alt_pattern_5, nicolae_vaults_variable_pillar_hall,
          nicolae_vaults_trapezoid_3, nicolae_vaults_tetromino_T_2,
          layout_vaults_maze_bifur, serial_shops, shop, nicolae_shop_dealshenge,
          uniq_mara
Vaults:4: ontoclasm_vaults_decontamination, v_rooms_1, v_misc_25,
          nicolae_vaults_security_offices_3,
          nicolae_vaults_taking_the_gang_shopping,
          nicolae_vaults_ring_of_whatevers, hangedman_vaults_nodes,
          vaults_mumra_chevron, nicolae_vaults_tetromino_L_2,
          ontoclasm_vaults_ring_small, nicolae_vaults_asterisk,
          nicolae_vaults_closet_pinwheel_4, layout_vaults_omnicross
Vaults:5: serial_shops
Crypt:1:  layout_misc_corridors, hex_medium
Crypt:2:  layout_misc_corridors, hellmonk_ghost_big_iron, minivault_5,
          feat_on_display, uniq_mennas
Crypt:3:  grunt_crypt_end_deaths_head
Depths:1: layout_cave_pools, kennysheep_minor_cross, hell_entry, serial_shops,
          nicolae_shop_tiny_glass, minmay_door_square,
          minmay_misc_feat_secret_circle, led_xom_imps, uniq_norris
Depths:2: gammafunk_its_a_trap, layout_cave_pools, hell_entry,
          nicolae_elyvilon_temple_path, pan_entry,
          infiniplex_staircase_pillars_1
Depths:3: nicolae_hitomezashi [nicolae_hito_row, nicolae_hito_row,
          nicolae_hito_row, nicolae_hito_row, nicolae_hito_row,
          nicolae_hito_row, nicolae_hito_row, nicolae_hito_row,
          nicolae_hito_row, nicolae_hito_row, nicolae_hito_row,
          nicolae_hito_row, nicolae_hito_row, nicolae_hito_row,
          nicolae_hito_row, nicolae_hito_row, nicolae_hito_row,
          nicolae_hito_row], layout_basic, nicolae_trove_entry_crystal,
          hell_entry, abyss_entry_glasseish, kennysheep_decorative_pillar,
          kennysheep_generic_room_5, serial_bayou_shore_b
Depths:4: grunt_crosshair, layout_cave_pools, enter_ziggurat_e, hell_entry,
          corexii_corridor_pit, grunt_ministairs_8, minivault_14,
          dispersion_dpeg, minmay_shop_star
Zot:1:    layout_misc_corridors, grunt_ministairs_8, grunt_megastairs_4,
          uniq_tiamat
Zot:2:    layout_cellular_growth, uniq_grunn
Zot:3:    layout_cellular_growth, gammafunk_ghost_cemetery
Zot:4:    layout_basic, regret_index_zotdec_dark_gr, st_stairs_4,
          zot_minivault_8
Zot:5:    layout_onion

Notes
Turn   | Place    | Note
-------+----------+-------------------------------------------
     0 | D:1      | MackTheKnife the Troll Fighter began the quest for the Orb.
     0 | D:1      | Reached XP level 1. HP: 22/22 MP: 0/0
     0 | D:1      | magus.rc [v1.9.6]
   108 | D:1      | Reached XP level 2. HP: 27/29 MP: 1/1
   193 | D:1      | Reached skill level 3 in Unarmed Combat
   387 | D:1      | You pick up a book of Alchemy and begin reading...
   387 | D:1      | You add the spells Sublimation of Blood, Petrify and
                  | Irradiate to your library.
   480 | D:1      | You pick up a book of the Senses and begin reading...
   480 | D:1      | You add the spells Dazzling Flash, Agony and Silence to
                  | your library.
   549 | D:1      | Reached XP level 3. HP: 36/36 MP: 2/2
   984 | D:2      | Reached skill level 4 in Unarmed Combat
  1650 | D:3      | Found Okouniok's Assorted Antiques.
  1665 | D:3      | Bought a scroll labelled BUZED ELLACU for 21 gold pieces
  1665 | D:3      | Bought a scroll labelled DAJ ZUNUKLUSI for 21 gold pieces
  1665 | D:3      | Bought a scroll labelled INWI RAUS PYRA for 21 gold pieces
  1665 | D:3      | Bought a scroll labelled YMPAT MUNKOA for 21 gold pieces
  1665 | D:3      | Bought a scroll labelled KAFEB JENEST for 21 gold pieces
  1705 | D:3      | Reached XP level 4. HP: 44/44 MP: 3/3
  1708 | D:3      | Found Soemy's Distillery.
  1728 | D:3      | Bought a potion of curing for 33 gold pieces
  2291 | D:3      | Reached skill level 5 in Unarmed Combat
  2305 | D:3      | Found Asmaoc's Armour Shoppe.
  2593 | D:4      | Reached XP level 5. HP: 44/50 MP: 4/4
  3026 | D:4      | Reached skill level 6 in Unarmed Combat
  3258 | D:4      | Reached XP level 6. HP: 59/59 MP: 5/5
  3388 | D:4      | Reached skill level 7 in Unarmed Combat
  3702 | D:5      | Entered Level 5 of the Dungeon
  3768 | D:5      | Found Bairoipe's Armour Shoppe.
  3937 | D:5      | Found a hide-covered altar of Uskayaw.
  3985 | D:5      | Noticed Ijyb
  3992 | D:5      | Reached XP level 7. HP: 66/66 MP: 6/6
  4003 | D:5      | Killed Ijyb
  4269 | D:6      | Reached skill level 8 in Unarmed Combat
  4559 | D:6      | Found Luaseid's Jewellery Shop.
  4821 | D:6      | Reached skill level 9 in Unarmed Combat
  5081 | D:6      | Found a burning altar of Makhleb.
  5155 | D:6      | Reached XP level 8. HP: 74/74 MP: 7/7
  5347 | D:6      | Noticed a two-headed ogre
  5361 | D:6      | Reached skill level 10 in Unarmed Combat
  5368 | D:6      | HP: 18/74 [two-headed ogre/+0 giant club (16)]
  5370 | D:6      | Killed a two-headed ogre
  5371 | D:6      | Reached skill level 11 in Unarmed Combat
  5371 | D:6      | Reached skill level 4 in Fighting
  5423 | D:6      | Noticed a gargoyle
  5437 | D:6      | Killed a gargoyle
  5438 | D:6      | Reached skill level 3 in Shields
  5438 | D:6      | Reached XP level 9. HP: 69/85 MP: 8/8
  5573 | D:7      | Noticed Prince Ribbit
  5600 | D:7      | Killed Prince Ribbit
  5601 | D:7      | Reached skill level 5 in Fighting
  5601 | D:7      | Reached skill level 4 in Shields
  5657 | D:7      | Identified the ring "Moyli" {Ice rPois}
  5777 | D:7      | Noticed Jeremiah
  5910 | D:7      | Noticed Dowan
  5935 | D:7      | Killed Dowan
  5942 | D:7      | Noticed Duvessa
  5950 | D:7      | Killed Duvessa
  5978 | D:7      | Found a basalt altar of Yredelemnul.
  6038 | D:7      | Found a staircase to the Ecumenical Temple.
  6061 | D:7      | Reached skill level 5 in Shields
  6178 | Temple   | Entered the Ecumenical Temple
  6191 | Temple   | Became a worshipper of Hepliaklqana the Forgotten
  6210 | D:7      | Reached skill level 6 in Fighting
  6793 | D:7      | Killed Jeremiah
  6930 | D:8      | Reached skill level 6 in Shields
  7338 | D:8      | Reached * piety under Hepliaklqana
  7393 | D:8      | Found a snail-covered altar of Cheibriados.
  7397 | D:8      | Reached XP level 10. HP: 90/90 MP: 9/9
  7405 | D:8      | Found a white marble altar of Elyvilon.
  7764 | D:9      | Found Naufeisi's Book Emporium.
  7798 | D:9      | Found a runed translucent gate.
  7798 | D:9      | Found a runed translucent gate.
  7798 | D:9      | Found a runed translucent gate.
  7799 | D:9      | Noticed gruber's ghost (novice DECj)
  7826 | D:9      | Reached skill level 7 in Fighting
  7917 | D:9      | Found Nenuq's Antique Weapon Emporium.
  7928 | D:9      | Noticed Maggie
  7937 | D:9      | Killed Maggie
  7938 | D:9      | Reached skill level 7 in Shields
  8125 | D:9      | Found Qiyruk's Antique Armour Boutique.
  8138 | D:9      | Bought an embroidered hat for 196 gold pieces
  8228 | D:9      | Noticed a manticore
  8258 | D:9      | Killed a manticore
  8259 | D:9      | Reached skill level 8 in Fighting
  8273 | D:9      | Reached skill level 8 in Shields
  8313 | D:9      | Found Naptuwkob's Jewellery Boutique.
  8341 | D:9      | Noticed a deep elf pyromancer
  8389 | D:9      | Found Oriwopuh's Weapon Boutique.
  8456 | D:9      | Killed a deep elf pyromancer
  8457 | D:9      | Reached XP level 11. HP: 78/101 MP: 10/10
  8524 | D:9      | Found an ancient bone altar of Kikubaaqudgha.
  8525 | D:9      | Noticed a centaur warrior
  8527 | D:9      | Noticed a deep elf pyromancer
  8528 | D:9      | Found a transporter.
  8566 | D:9      | Found a transporter.
  8568 | D:9      | Killed a deep elf pyromancer
  8572 | D:9      | Noticed a boulder beetle
  8582 | D:9      | Killed a boulder beetle
  8645 | D:9      | Reached skill level 9 in Fighting
  8645 | D:9      | Reached skill level 9 in Shields
  9014 | D:9      | Noticed a death knight
  9103 | D:10     | Entered Level 10 of the Dungeon
  9103 | D:10     | Noticed a two-headed ogre
  9109 | D:10     | Killed a two-headed ogre
  9175 | D:10     | Found a staircase to the Lair.
  9302 | D:10     | Found a staircase to the Orcish Mines.
  9338 | D:10     | Reached ** piety under Hepliaklqana
  9339 | D:10     | Remembered your ancestor Viktor as a battlemage
  9659 | D:10     | Found a runed translucent door.
  9659 | D:10     | Noticed heinrich's ghost (novice DgAE)
  9660 | D:10     | Identified the +6 trident "Osudez" {vamp, rElec rPois Will+
                  | Dex-3}
  9660 | D:10     | Noticed a spriggan rider
  9988 | D:15     | Identified the of Kaighol
  9988 | Lair:1   | Entered Level 1 of the Lair of Beasts
 10064 | Lair:1   | Reached skill level 10 in Shields
 10065 | Lair:1   | Reached skill level 10 in Fighting
 10081 | Lair:1   | Reached skill level 1 in Armour
 10092 | Lair:1   | Reached skill level 3 in Dodging
 10236 | Lair:1   | Reached skill level 2 in Armour
 10297 | Lair:1   | Identified the +1 ring mail "Axtaeh" {rPois rF+}
 10374 | Lair:1   | Reached skill level 4 in Dodging
 10395 | Lair:1   | Reached skill level 3 in Armour
 10479 | Lair:1   | You fall into a shaft and drop 1 floor!
 10482 | Lair:2   | Noticed a boulder beetle
 10589 | Lair:2   | Killed a boulder beetle
 10590 | Lair:2   | Reached XP level 12. HP: 100/113 MP: 11/11
 10699 | Lair:2   | Reached skill level 4 in Armour
 10699 | Lair:2   | Reached skill level 5 in Dodging
 10828 | Lair:2   | Found a staircase to the Snake Pit.
 11849 | Lair:3   | Reached *** piety under Hepliaklqana
 12021 | Lair:3   | Noticed a boulder beetle
 12035 | Lair:3   | Killed a boulder beetle
 12044 | Lair:3   | Reached skill level 12 in Unarmed Combat
 12289 | Lair:3   | Found a staircase to the Shoals.
 12340 | Lair:3   | Reached skill level 13 in Unarmed Combat
 12490 | Lair:3   | Reached skill level 1 in Evocations
 12602 | Lair:3   | Reached **** piety under Hepliaklqana
 12922 | Lair:4   | Reached skill level 2 in Evocations
 12945 | Lair:4   | Reached skill level 3 in Evocations
 13011 | Lair:4   | Reached skill level 4 in Evocations
 13011 | Lair:4   | Reached skill level 1 in Invocations
 13020 | Lair:4   | Reached skill level 2 in Invocations
 13082 | Lair:4   | Reached skill level 3 in Invocations
 13165 | Lair:4   | Reached XP level 13. HP: 117/119 MP: 14/14
 13174 | Lair:4   | Reached skill level 4 in Invocations
 13202 | Lair:4   | Reached skill level 5 in Invocations
 13371 | Lair:4   | Found a runed translucent gate.
 13372 | Lair:4   | Found a runed translucent gate.
 13372 | Lair:4   | Found a runed translucent gate.
 13374 | Lair:4   | Noticed Cesoluadot's ghost (journeyman DsFi)
 13799 | Lair:5   | Entered Level 5 of the Lair of Beasts
 13805 | Lair:5   | Found a staircase to the Slime Pits.
 13828 | Lair:5   | Reached skill level 6 in Invocations
 13925 | Lair:5   | Reached skill level 5 in Evocations
 13964 | Lair:5   | Reached skill level 6 in Evocations
 14083 | Lair:5   | Reached skill level 5 in Armour
 14137 | Lair:5   | Reached skill level 6 in Dodging
 14179 | Lair:5   | Reached skill level 6 in Armour
 14452 | Lair:5   | Identified the +5 spear of Eternal Night {flame, rF++ rN+
                  | Will-}
 14546 | Lair:5   | Reached XP level 14. HP: 114/129 MP: 17/17
 14678 | Lair:5   | Found a viscous altar of Jiyva.
 14944 | Lair:5   | Reached skill level 11 in Shields
 15167 | Orc:1    | Entered Level 1 of the Orcish Mines
 15171 | Orc:1    | Noticed Maurice
 15232 | D:9      | Bought a ring of willpower for 325 gold pieces
 15304 | Orc:1    | Killed Maurice
 15386 | Orc:2    | Entered Level 2 of the Orcish Mines
 15386 | Orc:2    | Found a staircase to the Elven Halls.
 15641 | Orc:2    | Noticed Saint Roka
 15661 | Orc:2    | Killed Saint Roka
 15662 | Orc:2    | Reached skill level 11 in Fighting
 15983 | Orc:2    | Found Reygal's General Store.
 15983 | Orc:2    | Found Seogai Pycru's Weapon Emporium.
 16374 | Orc:2    | Found Petris's Assorted Antiques.
 16374 | Orc:2    | Found Ucop's Magic Scroll Emporium.
 16380 | Orc:2    | Bought a scroll of blinking for 247 gold pieces
 16380 | Orc:2    | Bought a glowing yellow potion for 29 gold pieces
 16390 | Orc:2    | Bought a scroll of summoning for 161 gold pieces
 16847 | Orc:1    | Noticed Erolcha
 16857 | Orc:1    | Killed Erolcha
 16858 | Orc:1    | Reached skill level 12 in Shields
 17002 | Orc:1    | Found a runed translucent door.
 17003 | Orc:1    | Noticed Leitius's ghost (adept BaCK)
 17439 | D:10     | Gained mutation: You are covered in thick fur. (AC +2)
                  | [potion of mutation]
 17439 | D:10     | Gained mutation: Your muscles are strong. (Str +4, Int/Dex
                  | -1) [potion of mutation]
 17439 | D:10     | Gained mutation: Your mind is acute. (Int +4, Str/Dex -1)
                  | [potion of mutation]
 17451 | D:11     | Reached ***** piety under Hepliaklqana
 17506 | D:11     | Found Ciyjogib's Book Emporium.
 17575 | D:11     | Found Diggaog's Assorted Antiques.
 17583 | D:11     | Bought a scroll of summoning for 237 gold pieces
 17633 | D:11     | Noticed Josephine
 17660 | D:11     | Reached skill level 12 in Fighting
 17671 | D:11     | Killed Josephine
 17918 | D:11     | Found Isuanoif's Armour Shoppe.
 18259 | D:12     | Found a viscous altar of Jiyva.
 18457 | D:12     | Identified the ring "Eblibap" {Will+ EV+5}
 18535 | D:12     | Noticed a tengu reaver
 18651 | D:12     | Reached skill level 14 in Unarmed Combat
 18714 | D:12     | Reached XP level 15. HP: 78/140 MP: 18/18
 18879 | D:12     | Noticed Nergalle
 18883 | D:12     | Killed Nergalle
 19074 | D:12     | Identified the +0 great mace "Satsegukh" {spect, rF+ rC+
                  | Will+ Stlth-}
 19099 | D:12     | Noticed a sphinx
 19112 | D:12     | Paralysed by a sphinx for 2 turns
 19209 | D:12     | Killed a tengu reaver
 19210 | D:12     | Reached skill level 15 in Unarmed Combat
 19414 | D:12     | Killed a sphinx
 20079 | D:13     | Reached skill level 16 in Unarmed Combat
 20524 | D:14     | Found a blossoming altar of Fedhas.
 20673 | D:14     | Found a radiant altar of Vehumet.
 20860 | D:14     | Reached skill level 17 in Unarmed Combat
 21221 | D:14     | Found a gate to the Vaults.
 21300 | D:15     | Entered Level 15 of the Dungeon
 21759 | D:15     | Reached XP level 16. HP: 150/150 MP: 17/19
 21838 | D:15     | Found a staircase to the Depths.
 21910 | D:15     | Reached skill level 13 in Shields
 22016 | D:15     | Noticed Roxanne
 22193 | D:15     | You add the spells Fireball, Starburst and Fire Storm to
                  | your library.
 22445 | D:15     | Reached skill level 13 in Fighting
 22682 | D:15     | Killed Roxanne
 22879 | Snake:1  | Entered Level 1 of the Snake Pit
 23284 | Snake:1  | Identified the serpent talisman of Tyupofis {Will+ Str+2
                  | Dex+3}
 23284 | Snake:1  | Noticed Aizul
 23370 | Snake:1  | Noticed Rupert
 23382 | Snake:1  | Killed Rupert
 23815 | Snake:1  | magus.rc [v1.9.6]
 23828 | Snake:2  | Noticed Mlioglotl
 23828 | Snake:2  | Reached ****** piety under Hepliaklqana
 23838 | Snake:2  | Killed Mlioglotl
 24203 | Snake:2  | Reached skill level 14 in Shields
 24260 | Snake:2  | Noticed Kirke
 24269 | Snake:2  | Killed Kirke
 24380 | Snake:2  | Reached skill level 14 in Fighting
 24382 | Snake:2  | Reached skill level 1 in Shapeshifting
 24453 | Snake:2  | Reached skill level 2 in Shapeshifting
 24456 | Snake:2  | Found Mienoqe's Antique Armour Shoppe.
 25044 | Snake:2  | Reached skill level 3 in Shapeshifting
 25230 | Snake:2  | Reached skill level 4 in Shapeshifting
 25538 | Snake:3  | Reached skill level 5 in Shapeshifting
 25686 | Snake:3  | Reached XP level 17. HP: 135/162 MP: 14/20
 25899 | Snake:3  | Reached skill level 6 in Shapeshifting
 25988 | Snake:3  | Reached skill level 7 in Shapeshifting
 26104 | Snake:3  | Noticed Bai Suzhen
 26313 | Snake:3  | Killed Bai Suzhen
 26429 | Snake:3  | Reached skill level 8 in Shapeshifting
 26922 | Snake:4  | Entered Level 4 of the Snake Pit
 27180 | Snake:4  | Reached skill level 9 in Shapeshifting
 27241 | Snake:4  | Noticed Donald
 27242 | Snake:4  | magus.rc [v1.9.6]
 27256 | Snake:4  | Killed Donald
 27337 | Snake:4  | Noticed Louise
 27345 | Snake:4  | Killed Louise
 27741 | Snake:4  | Reached skill level 10 in Shapeshifting
 27924 | Snake:4  | Reached skill level 11 in Shapeshifting
 28315 | Snake:4  | Reached skill level 12 in Shapeshifting
 28442 | Snake:4  | Got a serpentine rune of Zot
 28657 | Shoals:1 | Entered Level 1 of the Shoals
 28669 | Shoals:1 | Reached XP level 18. HP: 170/170 MP: 21/21
 28717 | Shoals:1 | magus.rc [v1.9.6]
 28811 | Shoals:1 | Reached skill level 13 in Shapeshifting
 29344 | Shoals:1 | Found a gateway to a bazaar.
 29676 | Shoals:2 | Reached skill level 14 in Shapeshifting
 29709 | Shoals:2 | Found Wisiwown's Armour Boutique.
 29773 | Shoals:2 | You pick up a book of Spatial Translocations and begin
                  | reading...
 29773 | Shoals:2 | You add the spells Blink, Momentum Strike and Lesser
                  | Beckoning to your library.
 30593 | Shoals:3 | Reached skill level 15 in Shapeshifting
 31300 | Shoals:4 | Identified the "Joziugug"
 31300 | Shoals:4 | Entered Level 4 of the Shoals
 31301 | Shoals:4 | magus.rc [v1.9.6]
 31305 | Shoals:4 | You add the spells Vhi's Electric Charge, Arcjolt and
                  | Maxwell's Capacitive Coupling to your library.
 31528 | Shoals:4 | Noticed Ilsuiw
 31537 | Shoals:4 | Killed Ilsuiw
 31827 | Shoals:4 | Reached skill level 16 in Shapeshifting
 31877 | Shoals:4 | You add the spells Foxfire, Ignite Poison, Volatile
                  | Blastmotes, Inner Flame and Plasma Beam to your library.
 31880 | Shoals:4 | You pick up a book of Power and begin reading...
 31880 | Shoals:4 | You add the spells Iskenderun's Battlesphere, Bombard and
                  | Spellforged Servitor to your library.
 31912 | Shoals:4 | You pick up a book of Beasts and begin reading...
 31912 | Shoals:4 | You add the spells Summon Ice Beast, Summon Mana Viper and
                  | Monstrous Menagerie to your library.
 31914 | Shoals:4 | You pick up a book of Alchemy and begin reading...
 31984 | Shoals:4 | Identified the ring "Qeesaf" {rElec EV+5}
 32076 | Shoals:4 | Got a barnacled rune of Zot
 32182 | Shoals:4 | You pick up a book of Debilitation and begin reading...
 32182 | Shoals:4 | You add the spells Slow, Sigil of Binding, Vampiric
                  | Draining and Confusing Touch to your library.
 32367 | Shoals:4 | Reached XP level 19. HP: 177/177 MP: 22/22
 32432 | Shoals:4 | You pick up a book of the Hunter and begin reading...
 32432 | Shoals:4 | You add the spells Call Canine Familiar, Dimensional
                  | Bullseye and Leda's Liquefaction to your library.
 32460 | Shoals:4 | Identified a scroll of acquirement
 32461 | Shoals:4 | Acquired a manual of Fighting
 32725 | Vaults:1 | Entered Level 1 of the Vaults
 33603 | Vaults:1 | Found Dahej's Antique Weapon Shoppe.
 33933 | Vaults:2 | Identified the "Caqup"
 33978 | Vaults:2 | Reached skill level 15 in Fighting
 34372 | Vaults:2 | Reached skill level 15 in Shields
 34404 | Vaults:2 | Reached skill level 18 in Unarmed Combat
 34422 | Vaults:2 | Found a runed translucent door.
 34658 | Vaults:2 | Identified the +5 great sword of Due Proportion {elec, rN++
                  | Int+3}
 35246 | Vaults:3 | Found Kahis's Jewellery Boutique.
 35290 | Vaults:3 | Reached skill level 16 in Fighting
 35299 | Vaults:3 | Noticed Mara
 35304 | Vaults:3 | Killed Mara
 35333 | Vaults:3 | You pick up a book of Dreams and begin reading...
 35333 | Vaults:3 | You add the spells Jinxbite, Ensorcelled Hibernation and
                  | Anguish to your library.
 35511 | Vaults:3 | Found Osient's Antique Armour Shop.
 35572 | Vaults:3 | Reached XP level 20. HP: 191/191 MP: 23/23
 35737 | Vaults:3 | Found a staircase to the Crypt.
 35737 | Vaults:3 | Found an ancient bone altar of Kikubaaqudgha.
 35738 | Vaults:3 | Found a basalt altar of Yredelemnul.
 35805 | Vaults:3 | Reached skill level 16 in Shields
 35812 | Vaults:3 | Reached skill level 19 in Unarmed Combat
 36323 | Vaults:4 | Reached skill level 17 in Fighting
 36554 | Vaults:4 | Found Toleny's Weapon Shop.
 36590 | Vaults:4 | You pick up a book of Fire and begin reading...
 36619 | Vaults:4 | You pick up a book of Storms and begin reading...
 36619 | Vaults:4 | You add the spells Static Discharge, Airstrike and Summon
                  | Lightning Spire to your library.
 37339 | Depths:4 | Identified the "Ravet"
 37339 | Elf:1    | Entered Level 1 of the Elven Halls
 37346 | Elf:1    | Reached skill level 18 in Fighting
 37636 | Elf:1    | Found an ancient bone altar of Kikubaaqudgha.
 37887 | Elf:1    | Found a runed translucent gate.
 37887 | Elf:1    | Found a runed translucent gate.
 37887 | Elf:1    | Found a runed translucent gate.
 37887 | Elf:1    | Found a runed translucent gate.
 37887 | Elf:1    | Found a runed translucent gate.
 37891 | Elf:1    | Found a runed translucent gate.
 38257 | Elf:2    | You pick up a book of Beasts and begin reading...
 38401 | Elf:2    | Reached skill level 20 in Unarmed Combat
 38425 | Elf:2    | Reached XP level 21. HP: 207/207 MP: 24/24
 38505 | Elf:2    | You add the spells Sticky Flame and Ignition to your
                  | library.
 38516 | Elf:2    | You pick up a book of the Earth and begin reading...
 38600 | Elf:2    | Found a runed translucent gate.
 38600 | Elf:2    | Found a runed translucent gate.
 38601 | Elf:2    | Found a runed translucent gate.
 38655 | Elf:3    | Identified the "Lichoewi"
 38655 | Elf:3    | Identified the "Inkaoceh"
 38655 | Elf:3    | Entered Level 3 of the Elven Halls
 39643 | Elf:3    | Reached skill level 21 in Unarmed Combat
 39647 | Elf:3    | Identified the amulet "Romaceana" {Faith Fly rC- rN+}
 39655 | Elf:3    | Identified the +7 trident of the Distant Future {freeze,
                  | MP+9}
 39658 | Elf:3    | Identified the +3 falchion "Riureasch" {spect, Dex+3}
 39659 | Elf:3    | Identified the +9 dire flail of Demonkind {flame, rElec}
 39660 | Elf:3    | a deep elf high priest comes into view. It is wielding a +0
                  | long sword, wearing a +4 ring mail of poison resistance and
                  | wearing the amulet of the Air {Inacc Air Fly rElec RMsl}.
 39667 | Elf:3    | Reached skill level 7 in Dodging
 39690 | Elf:3    | Identified the +0 leather armour of Articulation {Rampage
                  | rN+ Will-}
 39690 | Elf:3    | Found the ring of the Octopus King {rCorr HP+2 AC+2 EV+2
                  | SH+2}
 39690 | Elf:3    | a deep elf death mage comes into view. It is wielding a +0
                  | long sword, wearing the +0 leather armour of Articulation
                  | {Rampage rN+ Will-} and wearing a ring of the Octopus King
                  | {rCorr HP+2 AC+2 EV+2 SH+2}.
 39885 | Elf:3    | You pick up a book of Lightning and begin reading...
 39887 | Elf:3    | You add the spells Sandblast and Stone Arrow to your
                  | library.
 39895 | Elf:3    | You pick up a book of Beasts and begin reading...
 39911 | Elf:3    | You pick up a book of Displacement and begin reading...
 39911 | Elf:3    | You add the spells Gell's Gravitas and Teleport Other to
                  | your library.
 39922 | Elf:3    | You pick up a book of Blood and begin reading...
 39922 | Elf:3    | You add the spells Wereblood and Summon Hydra to your
                  | library.
 40079 | Elf:1    | Reached skill level 8 in Dodging
 40269 | Crypt:1  | Entered Level 1 of the Crypt
 40681 | Crypt:1  | Reached skill level 9 in Dodging
 41060 | Crypt:2  | Noticed Yzeiphu's ghost (adept OpEE)
 41208 | Crypt:2  | Found a runed translucent door.
 41210 | Crypt:2  | Reached skill level 10 in Dodging
 41316 | Crypt:2  | Noticed a curse skull
 41322 | Crypt:2  | Killed a curse skull
 41447 | Crypt:2  | Noticed Mennas
 41463 | Crypt:2  | Killed Mennas
 41585 | Crypt:2  | You pick up a book of the Warp and begin reading...
 41585 | Crypt:2  | You add the spells Manifold Assault, Dispersal and
                  | Disjunction to your library.
 41759 | Crypt:2  | Learned a level 2 spell: Wereblood
 41965 | Crypt:3  | Entered Level 3 of the Crypt
 41966 | Crypt:3  | Upgraded the game from 0.31-a0-978-g1e143483b6 to
                  | 0.31-a0-981-geadf994542
 41966 | Crypt:3  | magus.rc [v1.9.6]
 41990 | Crypt:3  | Reached skill level 11 in Dodging
 42132 | Crypt:3  | Reached XP level 22. HP: 215/215 MP: 25/25
 42239 | Crypt:3  | Found an ancient bone altar of Kikubaaqudgha.
 42313 | Crypt:3  | Reached skill level 12 in Dodging
 42670 | Crypt:3  | Found the +5 scythe "Finisher" {speed, execute}
 42679 | Crypt:3  | You pick up a book of Weapons and begin reading...
 42679 | Crypt:3  | You add the spells Tukima's Dance and Iskenderun's Mystic
                  | Blast to your library.
 42799 | Crypt:3  | Reached skill level 19 in Fighting
 42821 | Crypt:3  | Identified the +3 pair of boots of Wrong Decisions {Dex+5}
 42877 | Crypt:3  | Found a staircase to the Tomb.
 42877 | Crypt:3  | Noticed a dread lich
 42879 | Crypt:3  | Paralysed by a dread lich for 4 turns
 42888 | Crypt:3  | Paralysed by a dread lich for 4 turns
 42892 | Crypt:3  | Killed a dread lich
 42949 | Crypt:3  | Identified the +0 leather armour "Ydouw" {rElec Str+3
                  | Int+2}
 43192 | Depths:1 | Entered Level 1 of the Depths
 43192 | Depths:1 | Found Cesi Bir's Jewellery Shoppe.
 43289 | Depths:1 | Found a gateway to Hell.
 43590 | Depths:1 | Noticed Norris
 43597 | Depths:1 | Killed Norris
 43824 | Depths:1 | Found a shimmering altar of Xom.
 44068 | Depths:2 | Found a transporter.
 44180 | Depths:2 | Reached skill level 20 in Fighting
 44225 | Depths:2 | Found a transporter.
 44249 | Depths:2 | Found a white marble altar of Elyvilon.
 44275 | Depths:2 | Reached skill level 7 in Invocations
 44485 | Depths:2 | Found a one-way gate leading to the halls of Pandemonium.
 44665 | Depths:2 | Reached skill level 8 in Invocations
 44670 | Depths:2 | Reached skill level 1 in Transmutations
 44702 | Depths:2 | Identified the ring "Caoph" {rCorr Dex+3}
 44713 | Depths:2 | Identified the ring of Salvation {Fire Drain Dex+6}
 44900 | Depths:3 | Reached skill level 2 in Transmutations
 44972 | Depths:3 | Reached skill level 3 in Transmutations
 45032 | Depths:3 | Reached XP level 23. HP: 228/228 MP: 28/28
 45032 | Depths:3 | Noticed a juggernaut
 45038 | Depths:3 | Killed a juggernaut
 45042 | Depths:3 | Reached skill level 4 in Transmutations
 45238 | Depths:3 | Reached skill level 5 in Transmutations
 45302 | Depths:3 | Found a one-way gate to the infinite horrors of the Abyss.
 45564 | Depths:3 | Found a portal to a secret trove of treasure.
 45635 | Depths:4 | Entered Level 4 of the Depths
 45643 | Depths:4 | Noticed a juggernaut
 45651 | Depths:4 | Killed a juggernaut
 45761 | Depths:4 | Reached skill level 6 in Transmutations
 45806 | Depths:4 | Found a one-way gateway to a ziggurat.
 45940 | Depths:4 | Reached skill level 7 in Transmutations
 45982 | Depths:4 | You add the spells Animate Dead and Dispel Undead to your
                  | library.
 45995 | Depths:4 | Noticed a dread lich
 46008 | Depths:4 | Killed a dread lich
 46104 | Depths:4 | +0 storm dragon scales {rare}; a storm dragon corpse
 46160 | Depths:4 | Found Loylyak's Assorted Antiques.
 46168 | Depths:4 | Bought a viscous pink potion for 28 gold pieces
 46169 | Depths:4 | Reached XP level 24. HP: 238/238 MP: 28/28
 46170 | Depths:4 | Found Quhuoput's Weapon Shoppe.
 46194 | Depths:4 | Reached skill level 8 in Transmutations
 46259 | Depths:4 | Found a gate to the Realm of Zot.
 46801 | Slime:1  | Entered Level 1 of the Pits of Slime
 46815 | Slime:1  | Reached skill level 22 in Unarmed Combat
 46935 | Slime:4  | Gained mutation: You are clumsy. (Dex -2) [a shining eye]
 46998 | Slime:4  | Gained mutation: You are very clumsy. (Dex -4) [a shining
                  | eye]
 47052 | Slime:5  | Identified the of Xiepseo
 47052 | Slime:5  | Identified the "Jiarchilu"
 47052 | Slime:5  | Entered Level 5 of the Pits of Slime
 47068 | Slime:5  | Noticed the Royal Jelly
 47294 | Slime:5  | Reached skill level 23 in Unarmed Combat
 47301 | Slime:5  | Found a viscous altar of Jiyva.
 47303 | Slime:5  | Found the +7 great mace "Undeadhunter" {deathbane, rN+}
 47459 | Slime:5  | Killed the Royal Jelly
 47491 | Slime:5  | You pick up a book of the Tundra and begin reading...
 47491 | Slime:5  | You add the spells Hailstorm and Simulacrum to your
                  | library.
 47495 | Slime:5  | You pick up a book of Geomancy and begin reading...
 47495 | Slime:5  | You add the spells Passwall and Brom's Barrelling Boulder
                  | to your library.
 47502 | Slime:5  | You pick up a book of the Hunter and begin reading...
 47508 | Slime:5  | Identified the +9 glaive of Qazlal's Approval {venom, Fly
                  | rC+ Int+2}
 47512 | Slime:5  | You pick up a book of Decay and begin reading...
 47512 | Slime:5  | You add the spells Cigotuvi's Dreadful Rot and Death
                  | Channel to your library.
 47514 | Slime:5  | You pick up a book of Iron and begin reading...
 47520 | Slime:5  | Identified the +0 ring mail of Qoplufif {rElec Str+4 Dex-5}
 47530 | Slime:5  | Identified the +5 steam dragon scales of Wyawn {Fly}
 47539 | Slime:5  | Got a slimy rune of Zot
 47541 | Slime:5  | You add the spells Ozocubu's Armour, Freezing Cloud and
                  | Metabolic Englaciation to your library.
 47544 | Slime:5  | Identified the staff "Killer Bee's Bane" {rElec rC+ Str+4
                  | Ice}
 47562 | Slime:5  | You pick up a book of Dangerous Friends and begin
                  | reading...
 47562 | Slime:5  | You add the spells Summon Guardian Golem and Orb of
                  | Destruction to your library.
 47566 | Slime:5  | Identified the +2 scimitar of Popular Demand {freeze,
                  | *Noise rC+ rN+++ Str+2}
 47577 | Slime:5  | Identified the +10 war axe of Iffyzxicw {elec, *Corrode rN+
                  | SInv Stlth+}
 47583 | Slime:5  | You pick up a book of Hexes and begin reading...
 47583 | Slime:5  | You add the spells Cause Fear and Enfeeble to your library.
 47920 | Depths:3 | You showed the slimy rune of Zot to enter a treasure trove
 47921 | Trove    | Identified the "Jydaqova" (Sif Muna gifted it to you in a
                  | treasure trove)
 47921 | Trove    | Identified the "Retwakhla" (Sif Muna gifted it to you in a
                  | treasure trove)
 47921 | Trove    | Identified the "Umiegulo" (Sif Muna gifted it to you in a
                  | treasure trove)
 47921 | Trove    | Entered a treasure trove
 47964 | Trove    | You add the spells Swiftness, Conjure Ball Lightning and
                  | Chain Lightning to your library.
 47978 | Trove    | You add the spells Summon Small Mammal, Call Imp and Summon
                  | Cactus Giant to your library.
 47986 | Trove    | You add the spells Poisonous Vapours, Mephitic Cloud,
                  | Passage of Golubria, Alistair's Intoxication and Eringya's
                  | Noxious Bog to your library.
 48000 | Trove    | Lost mutation: You are covered in thick fur. (AC +2)
                  | [potion of mutation]
 48000 | Trove    | Lost mutation: Your muscles are strong. (Str +4, Int/Dex
                  | -1) [potion of mutation]
 48000 | Trove    | Lost mutation: Your mind is acute. (Int +4, Str/Dex -1)
                  | [potion of mutation]
 48000 | Trove    | Gained mutation: Your spells are a little easier to cast,
                  | but a little less powerful. [potion of mutation]
 48000 | Trove    | Lost mutation: You are very clumsy. (Dex -4) [potion of
                  | mutation]
 48000 | Trove    | Gained mutation: You passively map a small area around you.
                  | [potion of mutation]
 48001 | Trove    | Lost mutation: You are clumsy. (Dex -2) [potion of
                  | mutation]
 48001 | Trove    | Lost mutation: You passively map a small area around you.
                  | [potion of mutation]
 48001 | Trove    | Lost mutation: Your spells are a little easier to cast, but
                  | a little less powerful. [potion of mutation]
 48001 | Trove    | Gained mutation: Your spells are a little easier to cast,
                  | but a little less powerful. [potion of mutation]
 48001 | Trove    | Gained mutation: Your body sometimes deteriorates upon
                  | taking damage. [potion of mutation]
 48001 | Trove    | Gained mutation: Armour fits poorly on your strangely
                  | shaped body. [potion of mutation]
 48002 | Trove    | Lost mutation: Armour fits poorly on your strangely shaped
                  | body. [potion of mutation]
 48002 | Trove    | Lost mutation: Your spells are a little easier to cast, but
                  | a little less powerful. [potion of mutation]
 48002 | Trove    | Lost mutation: Your body sometimes deteriorates upon taking
                  | damage. [potion of mutation]
 48002 | Trove    | Gained mutation: You have a pair of small horns on your
                  | head. [potion of mutation]
 48107 | Depths:3 | magus.rc [v1.9.6]
 48288 | Vaults:5 | Entered Level 5 of the Vaults
 48346 | Vaults:4 | Reached XP level 25. HP: 247/247 MP: 28/28
 48477 | Vaults:5 | Identified the +0 robe "Fuah Bui" {-Tele Int+5 Dex-3 SInv}
 48503 | Vaults:5 | Reached skill level 17 in Shields
 48598 | Vaults:5 | Reached skill level 21 in Fighting
 48648 | Vaults:5 | Identified +0 gold dragon scales
 48692 | Vaults:5 | Reached skill level 18 in Shields
 48870 | Vaults:5 | Identified +0 gold dragon scales
 48871 | Vaults:5 | Reached skill level 22 in Fighting
 48899 | Vaults:5 | Reached skill level 19 in Shields
 48901 | Vaults:5 | a tengu reaver comes into view. It is wielding the +10
                  | morningstar "Eos" {elec, Halo rElec}.
 49047 | Vaults:5 | You pick up a book of Annihilations and begin reading...
 49099 | Vaults:5 | Identified the +7 plate armour of Vanity {+Inv rN+}
 49134 | Vaults:5 | You pick up a book of Annihilations and begin reading...
 49195 | Vaults:5 | +0 storm dragon scales {rare}; a storm dragon corpse
 49197 | Vaults:5 | Reached skill level 20 in Shields
 49210 | Vaults:5 | +0 storm dragon scales {rare}; a storm dragon corpse
 49677 | Vaults:5 | Found Paileu's Magic Scroll Boutique.
 49682 | Vaults:5 | Bought a scroll of enchant armour for 172 gold pieces
 49682 | Vaults:5 | Bought a scroll of blinking for 172 gold pieces
 49690 | Vaults:5 | Found Kefrisir's Magic Scroll Shoppe.
 49695 | Vaults:5 | Bought a scroll of summoning for 152 gold pieces
 49695 | Vaults:5 | Bought a scroll of teleportation for 48 gold pieces
 49695 | Vaults:5 | Bought a scroll of teleportation for 48 gold pieces
 49702 | Vaults:5 | Found Xefule Viuw's Magic Scroll Shop.
 49707 | Vaults:5 | Bought a scroll of blinking for 172 gold pieces
 49707 | Vaults:5 | Bought a scroll of enchant armour for 172 gold pieces
 49722 | Vaults:5 | Found Weuj's Magic Scroll Boutique.
 49746 | Vaults:5 | Got a silver rune of Zot
 50017 | Vaults:2 | Identified the ring of Yesterday {+Blink rPois rF+ Will++
                  | Dex-4}
 50252 | Zot:1    | Entered Level 1 of the Realm of Zot
 50420 | Zot:1    | Noticed a curse toe
 50425 | Zot:1    | Killed a curse toe
 50434 | Zot:1    | Found the +4 dragonskin cloak
 50434 | Zot:1    | Noticed Tiamat
 50434 | Zot:1    | Tiamat is wielding a +5 bardiche of protection and wearing
                  | the +4 dragonskin cloak.
 50441 | Zot:1    | Aim: Tiamat, wielding a +5 bardiche of protection and
                  | wearing the +4 dragonskin cloak (lightly wounded, catching
                  | her breath)
 50447 | Zot:1    | Here: Tiamat, wielding a +5 bardiche of protection and
                  | wearing the +4 dragonskin cloak (lightly wounded)
 50447 | Zot:1    | Aim: Tiamat, wielding a +5 bardiche of protection and
                  | wearing the +4 dragonskin cloak (lightly wounded)
 50447 | Zot:1    | Aim: Tiamat, wielding a +5 bardiche of protection and
                  | wearing the +4 dragonskin cloak (lightly wounded)
 50456 | Zot:1    | Killed Tiamat
 50569 | Zot:1    | Reached XP level 26. HP: 263/263 MP: 28/28
 50592 | Zot:1    | Reached skill level 24 in Unarmed Combat
 50748 | Zot:1    | You pick up a book of Debilitation and begin reading...
 51032 | Zot:2    | Noticed an electric golem
 51038 | Zot:2    | Killed an electric golem
 51071 | Zot:3    | Identified +0 gold dragon scales
 51185 | Zot:4    | +0 shadow dragon scales {rare}; a shadow dragon corpse
 51194 | Zot:5    | Entered Level 5 of the Realm of Zot
 51203 | Zot:5    | Reached skill level 25 in Unarmed Combat
 51450 | Zot:5    | Identified +0 gold dragon scales
 51452 | Zot:5    | +0 gold dragon scales {rare}; a golden dragon corpse
 51690 | Zot:5    | magus.rc [v1.9.6]
 52352 | Zot:4    | Reached skill level 26 in Unarmed Combat
 52353 | Zot:4    | Identified +0 gold dragon scales
 52927 | Zot:3    | Acquired the amulet of Sif Muna, Usurping {rF+ Regen+
                  | Int+3}
 52949 | Zot:3    | You pick up a book of Weapons and begin reading...
 52962 | Zot:3    | You pick up a book of Minor Magic and begin reading...
 53086 | Zot:3    | Reached skill level 27 in Unarmed Combat
 53288 | Zot:3    | Reached skill level 7 in Evocations
 53356 | Zot:3    | Found a runed translucent gate.
 53356 | Zot:3    | Found a runed translucent gate.
 53356 | Zot:3    | Found a runed translucent gate.
 53357 | Zot:3    | Noticed Crescendo's ghost (veteran DsMo)
 53357 | Zot:3    | Noticed Alep's ghost (legendary GnFE)
 53357 | Zot:3    | Noticed Alep's ghost (legendary GnFE)
 53358 | Zot:3    | Noticed Fush's ghost (veteran DgGl)
 53582 | Zot:2    | Reached skill level 8 in Evocations
 53647 | Zot:2    | Reached XP level 27. HP: 271/271 MP: 28/28
 53679 | Zot:2    | You add the spells Malign Gateway and Summon Horrible
                  | Things to your library.
 53693 | Zot:2    | Reached skill level 9 in Evocations
 53832 | Zot:2    | Reached skill level 10 in Evocations
 54033 | Zot:2    | Reached skill level 11 in Evocations
 54035 | Zot:2    | Noticed Grunn
 54041 | Zot:2    | Killed Grunn
 54429 | Zot:5    | Noticed a curse toe
 54433 | Zot:5    | Killed a curse toe
 54493 | Zot:5    | Noticed an ancient lich
 54497 | Zot:5    | Killed an ancient lich
 54745 | Zot:5    | Noticed an orb of fire
 54747 | Zot:5    | Noticed an orb of fire
 54748 | Zot:5    | Noticed an orb of fire
 54749 | Zot:5    | Killed an orb of fire
 54750 | Zot:5    | Reached skill level 17 in Shapeshifting
 54753 | Zot:5    | Noticed an orb of fire
 54753 | Zot:5    | Killed an orb of fire
 54755 | Zot:5    | Noticed an electric golem
 54756 | Zot:5    | Killed an orb of fire
 54761 | Zot:5    | Killed an orb of fire
 54777 | Zot:5    | Killed an electric golem
 54867 | Zot:5    | Reached skill level 18 in Shapeshifting
 54880 | Zot:5    | Got the Orb of Zot
 54891 | Zot:5    | Noticed an electric golem
 54905 | Zot:5    | Killed an electric golem
 55327 | D:9      | Killed gruber's ghost
 55356 | D:8      | Noticed Yxoydaror the pandemonium lord
 55361 | D:8      | Killed Yxoydaror the pandemonium lord
 55362 | D:8      | Reached skill level 19 in Shapeshifting
 55446 | D:5      | Noticed Acuased the pandemonium lord
 55525 | D:$      | Escaped with the Orb!

Vanquished Creatures
  the Royal Jelly (Slime:5)
  A pandemonium lord (D:8)
  2 dread liches
  An ancient lich (Zot:5)
  Tiamat (Zot:1)
  3 orbs of fire (Zot:5)
  2 juggernauts
  3 Killer Klowns
  2 curse toes
  7 golden dragons
  Norris (Depths:1)
  2 bone dragons
  A profane servitor (Crypt:3)
  A doom hound (Zot:2)
  3 electric golems
  A hellephant (D:5)
  18 tentacled monstrosities
  Rupert (Snake:1)
  2 Ice Fiends
  A shard shrike skeleton (Crypt:2)
  3 liches
  14 Orb Guardians
  A walking crystal tome (Depths:4)
  A walking frostbound tome (Depths:4)
  Grunn (Zot:2)
  3 titans (Vaults:5)
  A deep elf master archer (Elf:3)
  3 sphinxes
  8 quicksilver dragons
  10 death cobs
  2 krakens
  14 acid blobs
  3 ancient champions
  17 storm dragons
  8 shadow dragons
  8 tengu reavers
  A revenant (Crypt:3)
  Roxanne (D:15)
  14 nagarajas
  6 rockslimes
  9 azure jellies (Slime:5)
  11 draconian monks
  8 fire giants
  A draconian knight (Zot:4)
  An iron dragon (Vaults:5)
  4 deep elf sorcerers (Elf:3)
  3 ghost moths
  A frost giant (Depths:2)
  A balrug (Depths:4)
  4 deep elf elementalists
  8 draconian stormcallers
  6 draconian scorchers
  12 vault wardens
  Louise (Snake:4)
  5 draconian shifters
  6 ghouls
  9 ironbound preservers
  A demonspawn blood saint (Zot:1)
  A cacodemon (Zot:5)
  2 war gargoyles
  3 very ugly things
  4 draconian annihilators
  14 quicksilver oozes
  A reaper (Depths:2)
  A demonspawn corrupter (Zot:1)
  6 ironbound thunderhulks
  2 orc warlords
  8 stone giants
  A juggernaut skeleton (Depths:2)
  6 green draconians
  2 vampire knights (Crypt:2)
  10 deep elf demonologists
  3 spark wasps (Depths:3)
  5 deep elf annihilators
  10 yellow draconians
  17 black draconians
  2 dire elephants (Vaults:4)
  10 white draconians
  17 red draconians
  15 purple draconians
  7 deep elf death magi
  2 eidola
  4 merfolk javelineers
  A green death (Zot:5)
  9 ettins
  Josephine (D:11)
  6 fire dragons
  2 crystal guardians
  5 merfolk impalers
  2 entropy weavers
  15 yaktaur captains
  10 jiangshi
  8 deep elf high priests
  5 great orbs of eyes
  25 vault guards
  2 salamander tyrants (Snake:4)
  Erolcha (Orc:1)
  6 ice dragons
  3 hydras
  3 ironbound frosthearts
  A rakshasa (D:13)
  An alligator snapping turtle (shapeshifter) (Vaults:5)
  3 ogre magi
  A sphinx zombie (D:15)
  4 peacekeepers
  6 anacondas
  8 centaur warriors
  3 merfolk avatars
  A spriggan air mage (Depths:2)
  3 boulder beetles
  5 merfolk aquamancers
  6 death knights
  10 two-headed ogres
  An alligator snapping turtle (Shoals:1)
  A catoblepas (Lair:5)
  10 dancing weapons
  8 naga warriors
  2 deep troll earth magi (Depths:2)
  4 satyrs (Shoals:4)
  A deep troll shaman (Depths:2)
  4 death yaks (Lair:5)
  10 naga sharpshooters
  5 tengu warriors
  3 vampire magi
  2 occultists
  7 orc high priests (Orc:2)
  3 shock serpents
  10 deep elf knights
  A soul eater (Crypt:2)
  A sixfirhy (Zot:5)
  7 hell knights
  A spriggan berserker (Depths:4)
  2 iron trolls (Depths:2)
  A titan skeleton (Crypt:3)
  A fire crab (shapeshifter) (Vaults:4)
  4 sun demons (Depths:4)
  2 salamander mystics (Snake:4)
  9 sea snakes
  6 skysharks
  4 shadow wraiths
  17 skeletal warriors
  6 flayed ghosts
  The ghost of gruber the Destroyer, a novice DECj of Vehumet (D:9)
  3 glowing orange brains
  A deep troll (shapeshifter) (Depths:2)
  42 deep trolls
  12 deep elf archers
  A swamp dragon (shapeshifter) (Vaults:5)
  12 phantasmal warriors
  6 naga ritualists
  A bog body (Crypt:2)
  3 lindwurms (Vaults:2)
  A swamp dragon (D:13)
  A shadow demon (Zot:1)
  16 deep elf pyromancers
  11 ironbound convokers
  14 deep elf zephyrmancers
  7 harpies
  5 necromancers
  8 orc knights
  A mana viper (shapeshifter) (Vaults:5)
  An oklob plant (Lair:3)
  13 mana vipers
  12 manticores
  A shining eye (Slime:5)
  6 salamanders
  6 cyclopes
  19 moths of wrath
  17 ugly things
  3 large abominations
  20 fauns
  A moth of wrath (shapeshifter) (Vaults:1)
  A stone giant skeleton (Vaults:4)
  8 vault sentinels
  4 guardian serpents
  2 human skeletons (Vaults:4)
  8 elephants
  A black mamba (shapeshifter) (Vaults:3)
  10 naga magi
  24 black mambas
  5 merfolk sirens
  A water nymph (Shoals:4)
  17 cane toads
  5 gargoyles
  A shock serpent skeleton (Crypt:2)
  An alligator snapping turtle zombie (Crypt:1)
  Maggie (D:9)
  Jeremiah (D:7)
  2 kobold demonologists (D:12)
  3 rime drakes
  An unseen horror (D:12)
  2 human zombies
  A pale draconian zombie (Crypt:1)
  6 komodo dragons
  21 yaktaurs
  2 orange demons (Zot:5)
  2 tengu conjurers
  9 freezing wraiths
  A komodo dragon (shapeshifter) (Vaults:5)
  A black draconian skeleton (Crypt:1)
  4 trolls
  4 meliai (D:14)
  A tarantella (Vaults:3)
  2 hornets
  2 tyrant leeches (Lair:5)
  12 merfolk
  5 snapping turtles
  Prince Ribbit (D:7)
  3 wind drakes
  4 glass eyes
  28 blink frogs
  3 dream sheep
  An ettin zombie (Vaults:4)
  A slime creature (shapeshifter) (Depths:2)
  A slime creature zombie (Crypt:2)
  43 slime creatures
  A jumping spider (Vaults:2)
  29 flying skulls
  An air elemental (Elf:3)
  A culicivora (shapeshifter) (Vaults:5)
  31 yaks
  16 water elementals
  A wyvern (Lair:3)
  12 wraiths
  A spriggan (shapeshifter) (D:13)
  3 shadows (D:9)
  A fire dragon skeleton (Crypt:2)
  2 spriggan skeletons (Depths:2)
  A hog (Snake:2)
  2 golden eyes
  3 basilisks
  2 fire elementals
  3 redbacks
  10 vampire mosquitoes
  A chaos spawn (D:8)
  2 glowing shapeshifter zombies
  3 naga zombies
  3 wargs (Orc:2)
  An acid dragon (D:9)
  13 nagas
  A demonspawn skeleton (Crypt:1)
  5 water moccasins
  A glowing shapeshifter skeleton (Crypt:2)
  3 hell hounds (Zot:5)
  11 orc warriors
  Duvessa (D:7)
  2 black bears
  A wolf (Lair:2)
  An ettin simulacrum (Crypt:1)
  7 ogres
  8 centaurs
  A torpor snail zombie (Crypt:1)
  A phantom (D:7)
  6 kobold brigands
  15 bullfrogs
  4 scorpions
  3 earth elementals
  2 necrophages (Crypt:3)
  A cyclops skeleton (Crypt:2)
  11 wights
  17 killer bees
  A queen bee zombie (Crypt:2)
  Dowan (D:7)
  3 electric eels
  6 howler monkeys
  3 crimson imps (Depths:1)
  3 hounds
  A gnoll bouda (D:6)
  26 orc priests
  8 jellies
  A sleepcap (D:6)
  11 orc wizards
  Ijyb (D:5)
  3 iguanas
  A scorpion zombie (Crypt:1)
  12 gnolls
  5 adders
  A shadow imp (D:6)
  A white imp (D:8)
  2 worms (D:4)
  2 dart slugs (D:1)
  53 orcs
  8 ball pythons
  4 endoplasms
  5 giant cockroaches
  13 goblins
  5 hobgoblins
  3 jackals (D:1)
  6 quokkas
  4 bats
  4 frilled lizards
  21 kobolds
  A kobold zombie (Crypt:2)
  5 rats
1676 creatures vanquished.

Vanquished Creatures (collateral kills)
  Mara (Vaults:3)
  Mennas (Crypt:2)
  An orb of fire (Zot:5)
  Bai Suzhen (Snake:3)
  Saint Roka (Orc:2)
  2 golden dragons
  A doom hound (Zot:2)
  3 tentacled monstrosities
  12 Orb Guardians
  A Hell Sentinel (D:3)
  Mlioglotl (Snake:2)
  A shard shrike skeleton (Crypt:3)
  2 liches
  A sphinx (Vaults:3)
  A deep elf blademaster (Elf:3)
  4 acid blobs
  A deep elf master archer (Elf:3)
  An ancient champion (Crypt:2)
  Kirke (Snake:2)
  3 shadow dragons
  A death cob (Zot:1)
  Ilsuiw (Shoals:4)
  2 tengu reavers
  Donald (Snake:4)
  2 nagarajas
  A rockslime (Slime:5)
  3 storm dragons
  A draconian monk (Zot:4)
  2 draconian knights
  2 fire giants
  2 deep elf sorcerers (Elf:3)
  A deep elf elementalist (Elf:3)
  A vault warden (Vaults:2)
  A draconian scorcher (Zot:2)
  A curse skull (Crypt:2)
  3 frost giants
  A ghost moth (shapeshifter) (Depths:1)
  2 ghouls
  2 draconian shifters
  An orc warlord (Vaults:4)
  8 ironbound preservers
  A draconian stormcaller (Zot:3)
  6 stone giants
  2 vampire knights
  5 quicksilver oozes
  2 very ugly things (Depths:1)
  A green draconian (Zot:4)
  3 ironbound thunderhulks
  4 black draconians
  5 purple draconians
  A dire elephant (Vaults:4)
  4 white draconians
  5 yellow draconians
  2 spark wasps
  3 red draconians
  A deep elf death mage (Elf:3)
  2 merfolk javelineers
  3 yaktaur captains
  30 slime creatures
  4 jiangshi (Crypt:3)
  5 merfolk impalers
  5 deep elf high priests
  9 great orbs of eyes
  5 vault guards (Vaults:4)
  2 hydras
  2 catoblepae
  A rakshasa (Depths:1)
  2 salamander tyrants (Snake:4)
  A peacekeeper (Vaults:3)
  An ice dragon (Depths:4)
  A merfolk avatar (Shoals:1)
  3 spriggan air magi
  A boulder beetle (D:9)
  An alligator snapping turtle (Shoals:4)
  2 death knights
  3 satyrs
  2 centaur warriors
  4 two-headed ogres (D:15)
  3 dancing weapons
  2 deep troll earth magi
  3 naga warriors
  2 tengu warriors
  A deep troll shaman (Depths:4)
  4 naga sharpshooters (Snake:4)
  3 vampire magi
  3 shock serpents
  3 deep elf knights
  3 hell knights (Depths:2)
  Nergalle (D:12)
  A shadow wraith (Crypt:3)
  A skyshark (Depths:1)
  An iron troll (shapeshifter) (Vaults:5)
  9 skeletal warriors
  A glowing orange brain (D:11)
  An iron troll (Depths:2)
  6 sea snakes
  3 flayed ghosts
  13 deep trolls
  A shadow dragon zombie (Depths:3)
  2 bog bodies (Crypt:2)
  3 naga ritualists
  4 ironbound convokers
  A spark wasp zombie (D:15)
  2 deep elf archers
  An anaconda zombie (Crypt:3)
  An arcanist (Vaults:2)
  9 phantasmal warriors
  4 lindwurms (Vaults:3)
  4 necromancers
  4 orc knights
  14 deep elf zephyrmancers
  5 harpies
  13 deep elf pyromancers
  3 manticores
  4 mana vipers
  4 shining eyes
  A tengu skeleton (Depths:3)
  A cyclops (Shoals:3)
  10 ugly things
  A salamander (shapeshifter) (D:13)
  5 elephants
  3 salamanders
  9 fauns
  10 moths of wrath
  2 merfolk sirens
  14 black mambas
  6 naga magi
  10 vault sentinels
  2 eyes of devastation
  Maurice (Orc:1)
  2 guardian serpents
  6 cane toads
  A water nymph (Shoals:1)
  2 gargoyles (D:12)
  A kobold demonologist (D:12)
  An unseen horror (D:12)
  A rime drake (Lair:2)
  2 komodo dragons
  7 yaktaurs
  A golden dragon simulacrum (Depths:2)
  5 meliai (D:14)
  A wind drake (Shoals:4)
  A mana viper skeleton (Crypt:1)
  7 merfolk
  3 trolls
  20 blink frogs
  A polar bear (Lair:4)
  A tarantella (Vaults:3)
  2 spriggan zombies
  3 dream sheep
  A frost giant simulacrum (Depths:3)
  A human simulacrum (Crypt:1)
  A jumping spider (Vaults:2)
  A snapping turtle (Shoals:2)
  A slime creature (shapeshifter) (Elf:1)
  30 flying skulls
  A culicivora (shapeshifter) (Elf:3)
  4 wraiths
  3 wyverns
  6 shadows
  A ynoxinul (D:13)
  A vampire (D:12)
  10 water elementals
  5 yaks
  4 golden eyes (Slime:2)
  4 basilisks
  4 vampire mosquitoes
  5 wargs
  10 nagas
  A water moccasin (shapeshifter) (D:14)
  4 water moccasins
  A hydra simulacrum (Crypt:1)
  10 orc warriors
  2 wolves
  2 centaurs
  An ogre (Orc:2)
  An elf zombie (Crypt:1)
  2 bullfrogs
  4 necrophages
  3 killer bees
  2 howler monkeys
  2 electric eels (Elf:3)
  A crimson imp (Depths:1)
  9 orc priests
  9 orc wizards
  3 small abominations (Crypt:3)
  24 orcs
  5 kobolds
  A tentacle (Shoals:2)
679 creatures vanquished.

Vanquished Creatures (others)
  A tentacled monstrosity (Zot:1)
  A draconian knight (Zot:2)
  A draconian stormcaller (Zot:4)
  A deep elf annihilator (Elf:3)
  A white draconian (Zot:1)
  3 deep elf knights (Elf:2)
  A salamander mystic (Snake:4)
  A deep elf archer (Elf:2)
  2 deep elf pyromancers
  A moth of wrath (Zot:1)
  A water elemental (Elf:2)
  4 yaks (D:9)
  5 humans (Snake:2)
  A hound (D:6)
  3 ancestors (D:9)
  69 battlemagi
  An orc wizard (Elf:1)
  2 orcs (Elf:1)
  9 tentacles
108 creatures vanquished.

Grand Total: 2463 creatures vanquished

Table legend:
 A = Non-vault XP
 B = Vault XP
 C = Vault XP percentage of total XP
 D = Non-vault monster count
 E = Vault monster count
 F = Vault count percentage of total count
                 A         B        C        D         E       F
            +---------+---------+-------+---------+---------+-------
      Total |  805085 |  662901 |  45.2 |    1464 |     847 |  36.7
            +---------+---------+-------+---------+---------+-------
        D:1 |      48 |       0 |   0.0 |      24 |       0 |   0.0
        D:2 |      39 |       0 |   0.0 |      18 |       0 |   0.0
        D:3 |     116 |       0 |   0.0 |      23 |       0 |   0.0
        D:4 |     453 |       0 |   0.0 |      31 |       0 |   0.0
        D:5 |     132 |      35 |  21.0 |       4 |       1 |  20.0
        D:6 |     792 |    1700 |  68.2 |      14 |       6 |  30.0
        D:7 |     976 |     856 |  46.7 |      21 |       4 |  16.0
        D:8 |     728 |       0 |   0.0 |      19 |       0 |   0.0
        D:9 |    3428 |    6736 |  66.3 |      35 |      22 |  38.6
       D:10 |    1811 |     998 |  35.5 |      11 |       6 |  35.3
       D:11 |    2350 |    1980 |  45.7 |      12 |       6 |  33.3
       D:12 |    5589 |   18157 |  76.5 |      23 |      37 |  61.7
       D:13 |    4074 |    9607 |  70.2 |      11 |      20 |  64.5
       D:14 |   12086 |    2538 |  17.4 |      26 |       4 |  13.3
       D:15 |   21009 |    6052 |  22.4 |      33 |       8 |  19.5
     Lair:1 |    3740 |    1462 |  28.1 |      15 |       6 |  28.6
     Lair:2 |    2128 |    1701 |  44.4 |       9 |       6 |  40.0
     Lair:3 |    5459 |     435 |   7.4 |      18 |       1 |   5.3
     Lair:4 |    9380 |    2110 |  18.4 |      35 |       5 |  12.5
     Lair:5 |   20055 |   10746 |  34.9 |      51 |      39 |  43.3
   Shoals:1 |   15817 |       0 |   0.0 |      31 |       0 |   0.0
   Shoals:2 |   20917 |       0 |   0.0 |      39 |       0 |   0.0
   Shoals:3 |   12122 |    4259 |  26.0 |      25 |       6 |  19.4
   Shoals:4 |   11662 |   23190 |  66.5 |      21 |      37 |  63.8
    Snake:1 |    9946 |    1923 |  16.2 |      22 |       1 |   4.3
    Snake:2 |   16507 |    3448 |  17.3 |      28 |       3 |   9.7
    Snake:3 |   30894 |    3269 |   9.6 |      53 |       1 |   1.9
    Snake:4 |   12013 |   38256 |  76.1 |      23 |      48 |  67.6
    Slime:1 |    7795 |       0 |   0.0 |      10 |       0 |   0.0
    Slime:2 |    4012 |       0 |   0.0 |      11 |       0 |   0.0
    Slime:3 |    8153 |       0 |   0.0 |      17 |       0 |   0.0
    Slime:4 |    5288 |       0 |   0.0 |      13 |       0 |   0.0
    Slime:5 |   13022 |   25843 |  66.5 |      15 |      19 |  55.9
      Orc:1 |    1362 |    1300 |  48.8 |      22 |       2 |   8.3
      Orc:2 |    2793 |   10752 |  79.4 |      44 |      59 |  57.3
      Elf:1 |   14304 |   12651 |  46.9 |      23 |      25 |  52.1
      Elf:2 |   24757 |       0 |   0.0 |      38 |       0 |   0.0
      Elf:3 |   15521 |   36160 |  70.0 |      31 |      33 |  51.6
   Vaults:1 |   14546 |   10825 |  42.7 |      21 |      14 |  40.0
   Vaults:2 |   21700 |   24328 |  52.9 |      33 |      35 |  51.5
   Vaults:3 |   26230 |   23062 |  46.8 |      36 |      27 |  42.9
   Vaults:4 |   27724 |   42927 |  60.8 |      44 |      49 |  52.7
   Vaults:5 |   24943 |   86534 |  77.6 |      36 |      74 |  67.3
    Crypt:1 |   18883 |       0 |   0.0 |      40 |       0 |   0.0
    Crypt:2 |   30145 |    4576 |  13.2 |      43 |       1 |   2.3
    Crypt:3 |       0 |   73392 | 100.0 |       0 |     130 | 100.0
   Depths:1 |   21465 |    4047 |  15.9 |      27 |       7 |  20.6
   Depths:2 |   26588 |    7992 |  23.1 |      40 |       7 |  14.9
   Depths:3 |   28864 |    3946 |  12.0 |      29 |       4 |  12.1
   Depths:4 |   30114 |   31052 |  50.8 |      29 |      24 |  45.3
      Zot:1 |   42362 |   20895 |  33.0 |      38 |      13 |  25.5
      Zot:2 |   55803 |    5865 |   9.5 |      50 |       3 |   5.7
      Zot:3 |   49056 |       0 |   0.0 |      44 |       0 |   0.0
      Zot:4 |   29659 |   24189 |  44.9 |      24 |      22 |  47.8
      Zot:5 |   35725 |   73107 |  67.2 |      31 |      32 |  50.8
            +---------+---------+-------+---------+---------+-------

Skill      XL: |  1  2  3  4  5  6  7  8  9 10 11 12 13 14 15 16 17 18 19 20 21 22 23 24 25 26 27 |
---------------+----------------------------------------------------------------------------------+-----
Unarmed Combat | 3 4 5 6 7 9 11 13 14 17 18 20 21 23 27 | 27.0
Fighting       | 4 6 8 10 12 14 16 18 20 22 | 22.5
Shields        | 3 6 8 10 12 14 15 16 20 | 20.0
Armour         | 3 4 6 |  6.0
Dodging        | 4 5 6 11 12 | 12.0
Evocations     | 4 6 8 11 | 11.4
Invocations    | 3 6 8 |  8.0
Shapeshifting  | 5 12 16 19 | 19.2
Transmutations | 3 7 8 |  8.0

Action                     |  1- 3 |  4- 6 |  7- 9 | 10-12 | 13-15 | 16-18 | 19-21 | 22-24 | 25-27 || total
---------------------------+-------+-------+-------+-------+-------+-------+-------+-------+-------++-------
  Melee: Unarmed           |   114 |   136 |   182 |   401 |   819 |   981 |   765 |   561 |   834 ||  4793
         Headbutt          |       |       |       |       |       |       |       |     4 |   187 ||   191
  Throw: Dart              |       |     6 |     4 |    37 |       |       |       |       |       ||    47
   Cast: Wereblood         |       |       |       |       |       |       |       |     6 |     8 ||    14
 Invoke: Ancestor Identity |       |       |     1 |       |       |       |       |       |       ||     1
         Recall Ancestor   |       |       |       |     3 |    15 |     8 |     3 |    10 |     5 ||    44
         Ancestor Life: Ba |       |       |       |     1 |       |       |       |       |       ||     1
         Idealise          |       |       |       |       |     3 |     8 |     6 |     4 |     5 ||    26
         Transference      |       |       |       |       |       |       |       |       |     1 ||     1
  Evoke: Wand              |       |     2 |     8 |    15 |    36 |    13 |     7 |       |     2 ||    83
         Phantom mirror    |       |       |       |       |     1 |     3 |     2 |       |     2 ||     8
         Condenser vane    |       |       |       |       |       |     2 |     4 |     1 |     2 ||     9
         Sack of spiders   |       |       |       |       |       |       |     2 |       |       ||     2
         Lightning rod     |       |       |       |       |       |       |     4 |       |       ||     4
    Use: Scroll            |     3 |     1 |     7 |    13 |    10 |     9 |     9 |     6 |    13 ||    71
         Potion            |       |       |       |       |     3 |       |     1 |     6 |     9 ||    19
   Stab: Sleeping          |     1 |     2 |     3 |     3 |     2 |     1 |     8 |       |     1 ||    21
         Betrayed ally     |       |     1 |       |       |       |       |     1 |       |       ||     2
         Distracted        |       |       |       |     6 |    10 |    16 |    14 |    12 |    17 ||    75
         Invisible         |       |       |       |       |       |       |       |       |    11 ||    11
         Confused          |       |       |       |       |       |       |       |       |     1 ||     1
 Armour: Robe              |    47 |    61 |    84 |    28 |       |       |       |       |       ||   220
         Acid dragon scale |       |       |       |   182 |   348 |       |       |       |       ||   530
         Steam dragon scal |       |       |       |    12 |       |       |       |       |       ||    12
         Swamp dragon scal |       |       |       |       |    52 |   401 |       |       |       ||   453
         Skin              |       |       |       |       |       |    37 |   464 |   288 |   563 ||  1352
  Dodge: Dodged            |    32 |    35 |    81 |   132 |   232 |   278 |   321 |   221 |   339 ||  1671
  Block: Kite shield       |    33 |    45 |    95 |   214 |   569 |   318 |       |       |       ||  1274
         Reflection        |       |       |       |       |    22 |   163 |    89 |    22 |    16 ||   312
         Tower shield      |       |       |       |       |       |   610 |  1042 |   742 |  1002 ||  3396
         Other             |       |       |       |       |       |       |     2 |       |       ||     2
   Form: Statue            |       |       |       |       |       |     1 |       |     1 |       ||     2
                           |       |       |       |       |       |       |       |     1 |       ||     1

Illustrated notes

Table legend:
 A = Kills in this place as a percentage of kills in the entire game.
 B = Kills by you in this place as a percentage of kills by you in the entire game.
 C = Kills by friends in this place as a percentage of kills by friends in the entire game.
 D = Other kills in this place as a percentage of other kills in the entire game.
 E = Experience gained in this place as a percentage of experience gained in the entire game.
 F = Experience gained in this place divided by the number of levels of this place that you have seen.
                   A       B       C       D       E      F
               +-------+-------+-------+-------+-------+----------------------
         Total | 100.0 | 100.0 | 100.0 | 100.0 | 100.0 | 26351.4
       Dungeon |  18.4 |  21.4 |  11.1 |  14.3 |   8.1 | 8135.7
          Lair |   7.9 |   7.6 |   8.9 |   0.0 |   3.8 | 11443.2
        Shoals |   6.8 |   6.6 |   7.4 |   0.0 |   5.9 | 21991.8
     Snake Pit |   7.6 |   7.3 |   8.4 |   7.1 |   7.7 | 29064.0
    Slime Pits |   3.6 |   2.8 |   5.8 |   0.0 |   4.3 | 12822.6
  Orcish Mines |   5.4 |   4.7 |   7.2 |   0.0 |   1.1 | 8103.5
   Elven Halls |   6.4 |   5.8 |   7.4 |  35.7 |   6.9 | 34464.3
        Vaults |  15.8 |  16.5 |  14.3 |   0.0 |  20.2 | 60563.8
         Crypt |   9.1 |   7.9 |  12.3 |   0.0 |   8.5 | 42332.0
        Depths |   7.4 |   7.0 |   8.4 |   7.1 |  10.6 | 39875.8
           Zot |  11.5 |  12.4 |   8.9 |  35.7 |  23.0 | 69105.2
               +-------+-------+-------+-------+-------+----------------------

Table legend: (Time is in decaauts)
 A = Elapsed time spent in this place.
 B = Non-inter-level travel time spent in this place.
 C = Inter-level travel time spent in this place.
 D = Time resting spent in this place.
 E = Time spent auto-exploring this place.
 F = Levels seen in this place.
 G = Mean time per level.
                   A        B        C        D        E       F      G
               +--------+--------+--------+--------+--------+-----+--------+
         Total |  65942 |  59328 |   6614 |   7019 |  37260 |  57 | 1156.9 |
       Dungeon |  17086 |  14763 |   2323 |   2175 |   9102 |  15 | 1139.1 |
        Temple |     26 |     13 |     13 |      0 |      0 |   1 |   26.0 |
          Lair |   5511 |   4835 |    676 |    403 |   3303 |   5 | 1102.2 |
        Shoals |   4163 |   3955 |    208 |    437 |   2566 |   4 | 1040.8 |
     Snake Pit |   5609 |   5321 |    288 |   1066 |   2851 |   4 | 1402.2 |
    Slime Pits |   1168 |   1037 |    131 |    295 |     87 |   5 |  233.6 |
  Orcish Mines |   2204 |   1931 |    273 |    100 |   1295 |   2 | 1102.0 |
   Elven Halls |   4025 |   3784 |    241 |    403 |   2406 |   3 | 1341.7 |
        Vaults |   9492 |   8670 |    822 |    875 |   6285 |   5 | 1898.4 |
         Crypt |   4070 |   3808 |    262 |    199 |   2160 |   3 | 1356.7 |
        Depths |   5465 |   4794 |    671 |    405 |   3340 |   4 | 1366.2 |
           Zot |   6936 |   6236 |    700 |    610 |   3864 |   5 | 1387.2 |
         Trove |    180 |    180 |      0 |     48 |      0 |   1 |  180.0 |
               +--------+--------+--------+--------+--------+-----+--------+

Top non-repeatable levels by time:
Vaults:2: 2301 daAuts
Vaults:5: 2101 daAuts
   Elf:3: 1920 daAuts
   Zot:4: 1870 daAuts
Vaults:1: 1846 daAuts
Depths:3: 1716 daAuts
   Zot:5: 1710 daAuts
Vaults:4: 1704 daAuts
 Snake:3: 1610 daAuts
 Snake:4: 1608 daAuts
    D:14: 1571 daAuts
 Crypt:3: 1552 daAuts
Vaults:3: 1537 daAuts
    D:12: 1501 daAuts
Shoals:4: 1480 daAuts
